 Dungeon Crawl Stone Soup version 0.26-a0-497-g0187308201 (webtiles) character file.

Game seed: 11693544042654865463

1402277 mfyou the Formicid Barricade (level 27, -2/373 HPs)
             Began as a Formicid Fighter on Aug 5, 2020.
             Was the Champion of the Shining One.
             Slain by Feitasucia the pandemonium lord (16 damage)
             ... on level 23 of a ziggurat on Aug 6, 2020.
             The game lasted 04:13:15 (115253 turns).

mfyou the Formicid Barricade (Formicid Fighter)   Turns: 115253, Time: 04:13:15

Health: -2/373     AC: 41    Str: 34    XL:     27
Magic:  22/40      EV:  2    Int: 11    God:    the Shining One [******]
Gold:   17827      SH: 53    Dex: 10    Spells: 26/26 levels left

rFire    . . .     SeeInvis .   J - +9 executioner's axe (holy)
rCold    + . .     Faith    .   D - +8 tower shield {rC+}
rNeg     + + +     Spirit   .   (armour currently unavailable)
rPois    +         Reflect  .   (helmet unavailable)
rElec    .         Harm     .   (cloak currently unavailable)
rCorr    .                      (gloves currently unavailable)
MR       +++..                  (boots currently unavailable)
Stlth    +.........             W - amulet "Zyimail" {Regen+ Slay+5}
HPRegen  1.12/turn              A - ring of Robustness {AC+8}
MPRegen  0.27/turn              c - ring of Omuq {+Fly MR+ Str+3}

@: divine shield, tree-form, glowing
A: permanent stasis, dig shafts and tunnels, four strong arms
}: 15/15 runes: decaying, serpentine, slimy, silver, golden, iron, obsidian,
icy, bone, abyssal, demonic, glowing, magical, fiery, dark
a: Divine Shield, Cleansing Flame, Summon Divine Warrior, Renounce Religion


You were on level 23 of a ziggurat.
You worshipped the Shining One.
The Shining One was exalted by your worship.
You were a tree.
You visited 17 branches of the dungeon, and saw 85 of its levels.
You visited Pandemonium 2 times, and saw 14 of its levels.
You visited the Abyss 11 times.
You visited 1 ziggurat, and saw 23 of its levels.
You also visited: Volcano.

You collected 23268 gold pieces.
You spent 5441 gold pieces at shops.

Inventory:

Hand Weapons
 e - the +10 battleaxe of the Enchanted Forest {elec, rN+ MR+ Int+3}
   (You acquired it on level 3 of the Crypt)

   Occasionally, upon striking a foe, it will discharge some electrical energy
   and cause terrible harm.
   It affects your intelligence (+3).
   It protects you from negative energy.
   It affects your resistance to hostile enchantments.
 J - a +9 executioner's axe of holy wrath (weapon)
Missiles
 b - 35 silver javelins
 w - 5 throwing nets (quivered)
Armour
 f - a scarf of resistance
 D - a +8 tower shield of cold resistance (worn)
 K - the cursed +0 pair of boots of Valiance (melded) {rF+}
   (You found it on level 7 of Gehenna)

   It protects you from fire.
   It has a curse placed upon it.
 P - the +2 cloak of the Elven Halls (melded) {rElec rN+ Int+4}
   (You found it on level 15 of a ziggurat)

   It affects your intelligence (+4).
   It insulates you from electricity.
   It protects you from negative energy.
 S - +12 gold dragon scales (melded)
 Z - a +2 pair of gloves of dexterity (melded)
Jewellery
 c - the ring of Omuq (right branch) {+Fly MR+ Str+3}
   (You bought it in a shop on level 4 of the Snake Pit)

   [ring of protection from magic]

   It affects your strength (+3).
   It affects your resistance to hostile enchantments.
   It lets you fly.
 d - a ring of the Octopus King {rCorr AC+1 EV+1 Str+1 Int+1 Dex+1}
   (You found it on level 20 of a ziggurat)

   [ring of resist corrosion]

   It affects your AC (+1).
   It affects your evasion (+1).
   It affects your strength (+1).
   It affects your intelligence (+1).
   It affects your dexterity (+1).
   It provides partial protection from all sources of acid and corrosion.
 g - an uncursed amulet of magic regeneration {unknown}
 k - the cursed necklace of Bloodlust {*Rage +Rage MR++ Int-3 Slay+6 *Curse}
   (You found it on level 3 of the Tomb of the Ancients)

   [amulet of nothing]

   It affects your intelligence (-3).
   It affects your accuracy and damage with ranged weapons and melee attacks
   (+6).
   It affects your resistance to hostile enchantments.
   It lets you go berserk.
   It may make you go berserk in combat.
   It curses itself when equipped.
   It has a curse placed upon it.
 A - the ring of Robustness (left branch) {AC+8}
   (You found it on level 2 of the Depths)

   [ring of protection]

   It affects your AC (+8).
 W - the amulet "Zyimail" (around neck) {Regen+ Slay+5}
   (You took it off a rakshasa on level 1 of the Depths)

   [amulet of regeneration]

   It affects your accuracy and damage with ranged weapons and melee attacks
   (+5).
   It increases your rate of regeneration.
 Y - the ring "Derphud" {Wiz MR+ Str+2}
   (You found it on level 5 of the Vaults)

   [ring of wizardry]

   It improves your spell success rate.
   It affects your strength (+2).
   It affects your resistance to hostile enchantments.
Wands
 j - a wand of polymorph (90)
 y - a wand of enslavement (23)
 z - a wand of digging (25)
 E - a wand of acid (69)
 L - a wand of disintegration (71)
 M - a wand of paralysis (36)
 N - a wand of iceblast (85)
 Q - a wand of flame (148)
 R - a wand of removedness (8)
Scrolls
 h - 16 scrolls of magic mapping
 i - 2 scrolls of silence
 m - 38 scrolls of remove curse
 p - 14 scrolls of fear
 q - 17 scrolls of identify
 s - 5 scrolls of summoning
 v - 16 scrolls of immolation
 B - 8 scrolls of holy word
 C - 10 scrolls of enchant weapon
 T - 5 scrolls of enchant armour
 V - 20 scrolls of fog
Potions
 l - 8 potions of flight
 n - 8 potions of cancellation
 o - 11 potions of heal wounds
 r - 22 potions of curing
 t - 8 potions of magic
 u - 6 potions of resistance
 F - 12 potions of mutation
 G - a potion of experience
 I - 11 potions of lignification
 O - 8 potions of ambrosia
 U - 2 potions of might
Miscellaneous
 a - a phial of floods
 x - a figurine of a ziggurat
 H - a lightning rod (4/4)


   Skills:
 O Level 27 Fighting
   Level 5.0 Long Blades
 O Level 27 Axes
 + Level 23.8 Throwing
 O Level 27 Armour
 + Level 24.5 Dodging
 O Level 27 Shields
 O Level 27 Invocations
 + Level 25.5 Evocations


You had 26 spell levels left.
You didn't know any spells.
Your spell library contained the following spells:

 Spells                   Type           Power        Failure   Level
 Animate Skeleton         Necr           #.....       34%         1
 Apportation              Tloc           #.....       34%         1
 Beastly Appendage        Tmut           #.....       34%         1
 Corona                   Hex            #......      34%         1
 Foxfire                  Conj/Fire      #...         34%         1
 Freeze                   Ice            #...         34%         1
 Magic Dart               Conj           #...         34%         1
 Pain                     Necr           #...         34%         1
 Sandblast                Erth           #.....       34%         1
 Shock                    Conj/Air       #...         34%         1
 Sting                    Tmut/Pois      #...         34%         1
 Summon Small Mammal      Summ           #...         34%         1
 Call Imp                 Summ           #.......     47%         2
 Corpse Rot               Necr/Air       N/A          47%         2
 Ensorcelled Hibernation  Hex/Ice        #.....       47%         2
 Passwall                 Tmut/Erth      #.......     47%         2
 Poisonous Vapours        Pois/Air       #.....       47%         2
 Searing Ray              Conj           #.....       47%         2
 Slow                     Hex            #.......     47%         2
 Sublimation of Blood     Necr           #.........   47%         2
 Wereblood                Tmut           #.......     47%         2
 Call Canine Familiar     Summ           #.......     71%         3
 Confusing Touch          Hex            #.......     71%         3
 Conjure Flame            Conj/Fire      #.......     71%         3
 Dazzling Flash           Conj/Hex       #.....       71%         3
 Frozen Ramparts          Ice            #.....       71%         3
 Gell's Gravitas          Tloc           #.........   71%         3
 Ignite Poison            Fire/Tmut/Pois #.......     71%         3
 Inner Flame              Hex/Fire       #.......     71%         3
 Lesser Beckoning         Tloc           #.........   71%         3
 Mephitic Cloud           Conj/Pois/Air  #.......     71%         3
 Ozocubu's Armour         Ice            #.......     71%         3
 Portal Projectile        Hex/Tloc       #.....       71%         3
 Spider Form              Tmut/Pois      #.........   71%         3
 Static Discharge         Conj/Air       #.......     71%         3
 Stone Arrow              Conj/Erth      #.....       71%         3
 Summon Guardian Golem    Hex/Summ       #.......     71%         3
 Teleport Other           Tloc           #.......     71%         3
 Tukima's Dance           Hex            #.......     71%         3
 Vampiric Draining        Necr           #.........   71%         3
 Airstrike                Air            #.........   98%         4
 Animate Dead             Necr           #.........   98%         4
 Cause Fear               Hex            #.........   98%         4
 Dispel Undead            Necr           #.......     98%         4
 Fulminant Prism          Conj/Hex       #.........   98%         4
 Hailstorm                Conj/Ice       #.......     98%         4
 Ice Form                 Ice/Tmut       #.......     98%         4
 Iskenderun's Mystic Bla  Conj/Tloc      #.......     98%         4
 Leda's Liquefaction      Hex/Erth       #.........   98%         4
 Olgreb's Toxic Radiance  Pois           #.......     98%         4
 Passage of Golubria      Tloc           N/A          98%         4
 Petrify                  Tmut/Erth      #.......     98%         4
 Sticky Flame             Conj/Fire      #.......     98%         4
 Summon Ice Beast         Ice/Summ       #.......     98%         4
 Summon Lightning Spire   Summ/Air       #.......     98%         4
 Agony                    Necr           #.......     100%        5
 Alistair's Intoxication  Tmut/Pois      #........    100%        5
 Blade Hands              Tmut           #.........   100%        5
 Bolt of Magma            Conj/Fire/Erth #.........   100%        5
 Borgnjor's Vile Clutch   Necr/Erth      #.........   100%        5
 Excruciating Wounds      Necr           #.........   100%        5
 Fireball                 Conj/Fire      #.........   100%        5
 Irradiate                Conj/Tmut      #.........   100%        5
 Iskenderun's Battlesphe  Conj           #.......     100%        5
 Lee's Rapid Deconstruct  Erth           #.........   100%        5
 Lightning Bolt           Conj/Air       #.........   100%        5
 Metabolic Englaciation   Hex/Ice        #.........   100%        5
 Silence                  Hex/Air        #.........   100%        5
 Summon Demon             Summ           #.........   100%        5
 Summon Forest            Summ/Tloc      #.........   100%        5
 Summon Mana Viper        Hex/Summ       #.......     100%        5
 Yara's Violent Unravell  Hex/Tmut       #.........   100%        5
 Conjure Ball Lightning   Conj/Air       #.........   100%        6
 Death Channel            Necr           #.........   100%        6
 Eringya's Noxious Bog    Tmut/Pois      #.........   100%        6
 Freezing Cloud           Conj/Ice/Air   #.........   100%        6
 Hydra Form               Tmut           #.........   100%        6
 Invisibility             Hex            #.......     100%        6
 Iron Shot                Conj/Erth      #.........   100%        6
 Ozocubu's Refrigeration  Ice            #.........   100%        6
 Shadow Creatures         Summ           N/A          100%        6
 Simulacrum               Ice/Necr       #.........   100%        6
 Statue Form              Tmut/Erth      #........    100%        6
 Dragon Form              Tmut           #.........   100%        7
 Haunt                    Necr/Summ      #.........   100%        7
 Orb of Destruction       Conj           #.........   100%        7
 Spellforged Servitor     Conj/Summ      #.........   100%        7
 Summon Hydra             Summ           #.........   100%        7
 Borgnjor's Revivificati  Necr           #.........   100%        8
 Chain Lightning          Conj/Air       #.........   100%        8
 Discord                  Hex            #.........   100%        8
 Disjunction              Tloc           #.........   100%        8
 Ignition                 Fire           #.........   100%        8
 Infestation              Necr           #.........   100%        8
 Lehudib's Crystal Spear  Conj/Erth      #.........   100%        8
 Necromutation            Tmut/Necr      #.........   100%        8
 Absolute Zero            Ice            #.........   100%        9
 Death's Door             Necr           #.........   100%        9
 Dragon's Call            Summ           #.........   100%        9
 Fire Storm               Conj/Fire      #.........   100%        9
 Shatter                  Erth           #.........   100%        9
 Tornado                  Air            #.........   100%        9
 Blink                    Tloc           Unusable     N/A         2
 Swiftness                Air            Unusable     N/A         2

Dungeon Overview and Level Annotations

Branches:
Dungeon (15/15)            Temple (1/1) D:6            Lair (6/6) D:9
  Swamp (4/4) Lair:3        Snake (4/4) Lair:4        Slime (5/5) Lair:5
    Orc (2/2) D:11            Elf (3/3) Orc:2        Vaults (5/5) D:13
  Crypt (3/3) Vaults:3       Tomb (3/3) Crypt:3      Depths (5/5) D:15
   Hell (visited)             Dis (7/7) Hell            Geh (7/7) Hell
    Coc (7/7) Hell            Tar (7/7) Hell            Zot (0/5) Depths:5
Volcano (visited)

Altars:
Ashenzari
Elyvilon
Fedhas
Gozag
Kikubaaqudgha
Makhleb
Okawaru
Qazlal
Sif Muna
Trog
Uskayaw
Vehumet
Xom
Yredelemnul
The Shining One
Jiyva

Shops:
D:4 *   D:9 (   D:10 [   Orc:1 (   Orc:2 *=[(   Elf:3 *   Snake:3 *(:*[
Snake:4 }==!   Vaults:1 ?   Vaults:3 !   Depths:3 *

Portals:
Hell: Depths:1 Depths:2 Depths:3 Depths:4 Depths:5
Abyss: Depths:1 Depths:4
Pandemonium: Depths:1 Depths:3

Annotations:
D:15 Roxanne
Lair:2 exclusion: oklob plant
Lair:3 exclusion: door
Lair:6 exclusion: 4 oklob plants
Orc:2 1 runed translucent door, exclusion: 4 orange crystal statues
Elf:3 1 runed translucent door, brujo666's ghost, adept GnDe
Tar:4 16 runed doors


Innate Abilities, Weirdness & Mutations

You cannot be hasted, slowed, berserked, paralysed or teleported.
You can dig through walls and to a lower floor.
Your four strong arms can wield two-handed weapons with a shield.
((You have a pair of large antennae on your head. (SInv)))
((You are partially covered in slimy green scales. (AC +2)))
((You are partially covered in yellow scales. (AC +2)))
((Your flesh is heat resistant. (rF+)))
((You are covered in fur. (AC +1)))


Message History

The klown pie hits you but does no damage.
You block Oleonig's attack.
A cyclops comes into view.
The Killer Klown blinks!
Vagycuut gestures.
A dragon appears.
Feitasucia hits you!!
* * * LOW HITPOINT WARNING * * *
Space warps horribly around you! The Shining One protects you from harm!
You feel much better. You block Osmiogoj's attack.
The Killer Klown skips for a moment.
You block the Killer Klown's attack.
You block the Hell Sentinel's attack. x2
You block Oleonig's attack. You block the Killer Klown's attack.
The apocalypse crab bites you!
* * * LOW HITPOINT WARNING * * *
You are engulfed in flames!
* * * LOW HITPOINT WARNING * * *
The apocalypse crab claws you but does no damage.
Feitasucia hits you but does no damage. Space warps horribly around you!
You die...

▓▓▓▓▓▓▓▓▓▓▓...........
.....................C..
..................§.....
........................
........................
........................
...............&&CCO....
...............1t&4§D.p.
...............p♣p&.u...
..............D&&&tu....
................u&......
........................
........................
...............v........
▓▓▓▓▓▓▓▓▓▓▓.............
▓.............


You could see Alanupui, Captodur, Feitasucia, Oleonig, Osmiogoj, Sastuu,
Vagycuut, Wimn, 3 Killer Klowns, a Hell Sentinel, a frost giant shaped shifter,
2 very ugly things, a fire giant shaped shifter, a fire dragon shaped shifter, a
quicksilver dragon (summoned), a cyan ugly thing, a two-headed ogre, 2
apocalypse crabs, a cyclops, a chaos spawn and a fire vortex.

Vanquished Creatures
  Cerebov (Pan)
  Antaeus (Coc:7)
  Asmodeus (Geh:7)
  the Royal Jelly (Slime:5)
  Ereshkigal (Tar:7)
  Gloorx Vloq (Pan)
  Mnoleg (Pan)
  A seraph (Pan)
  Lom Lobon (Pan)
  the Serpent of Hell (Coc:7)
  Dispater (Dis:7)
  9 ancient liches
  Khufu (Crypt:3)
  7 juggernauts
  30 greater mummies
  Boris (twice) (Crypt:2 Tomb:1)
  9 pandemonium lords
  2 Killer Klowns (Zig:23)
  28 shard shrikes
  3 caustic shrikes
  Bai Suzhen (Vaults:4)
  The ghost of Fanwaunn the Brawler, a veteran TrMo of Hepliaklqana (Depths:3)
  Geryon (Hell)
  the Enchantress (Depths:1)
  11 golden dragons
  12 doom hounds
  14 bone dragons
  21 Brimstone Fiends
  2 hellephants
  24 Tzitzimimeh
  7 iron giants
  11 tentacled monstrosities
  6 Hell Sentinels
  21 Ice Fiends
  Jorgrun (D:15)
  15 liches
  A titan (shapeshifter) (Vaults:5)
  2 deep elf master archers
  11 quicksilver dragons
  8 sphinxes
  18 ancient champions
  A deep elf blademaster (Elf:2)
  22 acid blobs
  A quicksilver dragon (shapeshifter) (Zig:23)
  10 titans
  An eldritch tentacle (Pan)
  Gastronok (Lair:1)
  A thorn hunter (Swamp:3)
  11 Executioners
  15 tentacled starspawn
  A sphinx (shapeshifter) (Zig:23)
  7 storm dragons
  14 shadow dragons
  6 draconian monks
  2 tengu reavers
  5 revenants
  8 azure jellies
  16 nagarajas
  16 fire giants
  A daeva (Pan)
  9 frost giants
  A juggernaut zombie (Zig:11)
  14 cacodemons
  6 draconian knights
  11 iron dragons
  12 deep elf sorcerers
  2 warmongers (Pan)
  30 balrugs
  20 vault wardens
  5 draconian scorchers
  6 orc warlords
  7 ghost moths
  6 draconian shifters
  4 emperor scorpions (Zig:20)
  2 curse skulls
  6 elemental wellsprings
  11 war gargoyles
  13 draconian annihilators
  6 deep elf elementalists
  4 angels (Pan)
  48 reapers
  A juggernaut skeleton (Zig:11)
  7 ghouls
  3 ophanim (Pan)
  5 spriggan defenders
  7 draconian stormcallers
  26 very ugly things
  15 bennus
  5 blood saints
  A green draconian (Depths:5)
  13 ironheart preservers
  12 vampire knights
  2 black suns (Pan)
  2 corrupters
  5 purple draconians
  30 stone giants
  9 entropy weavers
  5 black draconians
  9 apis (Pan)
  9 deep elf demonologists
  4 dire elephants (Zig:17)
  5 lorocyprocas
  6 yellow draconians
  16 spark wasps
  2 white draconians
  13 deep elf annihilators
  A spark wasp (shapeshifter) (Vaults:5)
  6 red draconians
  6 eidola
  19 ettins
  28 mummy priests
  A merfolk javelineer (Depths:2)
  7 fire dragons
  9 deep elf death magi
  9 death oozes
  25 blizzard demons
  19 green deaths
  A fire dragon (shapeshifter) (Depths:1)
  12 jiangshi
  The ghost of Napalmbreeze the Acrobat, a journeyman FeBe of Trog (Swamp:3)
  14 yaktaur captains
  16 ogre magi
  7 quicksilver dragon zombies
  29 ice dragons
  2 kraken zombies
  13 great orbs of eyes
  12 rakshasas
  7 deep elf high priests
  29 vault guards
  A monstrous demonspawn (Pan)
  13 spriggan air magi
  42 hydras
  19 naga warriors
  2 shambling mangroves
  5 hell beasts
  16 centaur warriors
  4 quicksilver dragon skeletons
  13 anacondas
  A juggernaut simulacrum (Depths:1)
  2 death yaks (Lair:6)
  A two-headed ogre (shapeshifter) (Zig:15)
  28 dancing weapons
  11 deep troll shamans
  3 ghost crabs
  5 death knights
  A queen ant (Zig:19)
  4 titan zombies
  45 two-headed ogres
  34 hell hogs
  6 tengu warriors
  43 death scarabs
  16 thrashing horrors
  13 alligators
  14 deep troll earth magi
  21 naga sharpshooters
  44 sun demons
  4 vampire magi
  13 orc high priests
  7 shock serpents
  28 soul eaters
  4 spriggan berserkers
  22 deep elf knights
  6 storm dragon zombies
  2 spatial maelstroms
  55 hell knights
  4 salamander mystics
  14 sixfirhies
  11 wretched stars
  An iron golem (Dis:5)
  124 skeletal warriors
  8 iron trolls
  4 titan skeletons
  5 cherubim (Pan)
  9 unseen horrors
  30 deep trolls
  A ghost moth zombie (Coc:4)
  A death drake (shapeshifter) (Abyss:2)
  20 shadow demons
  26 shadow wraiths
  9 golden dragon zombies
  10 anaconda zombies
  16 glowing orange brains
  58 large abominations
  10 wizards
  A quicksilver dragon simulacrum (Tomb:3)
  7 storm dragon skeletons
  9 death drakes
  4 spriggan druids
  A sea snake (shapeshifter) (Zig:15)
  3 tengu zombies
  A spark wasp zombie (Zig:11)
  5 gelid demonspawn
  16 flayed ghosts
  3 torturous demonspawn (Pan)
  A deep troll (shapeshifter) (Depths:5)
  10 sea snakes
  An obsidian statue (Depths:3)
  4 infernal demonspawn (Pan)
  7 shadow dragon zombies
  A lindwurm (shapeshifter) (Depths:2)
  24 phantasmal warriors
  14 deep elf archers
  2 golden dragon skeletons
  8 naga ritualists
  12 harpies
  15 swamp dragons
  20 orc knights
  An iron giant skeleton (Crypt:1)
  A mana viper (shapeshifter) (Vaults:2)
  2 orange crystal statues (Zig:6)
  24 necromancers
  10 mana vipers
  15 ironbrand convokers
  5 anaconda skeletons
  10 cyclopes
  5 stone giant zombies
  A wolf spider (shapeshifter) (Zig:23)
  An orb spider (shapeshifter) (Vaults:3)
  82 deep elf magi
  8 iron dragon zombies
  12 fire giant zombies
  4 wolf spider zombies
  9 wolf spiders
  7 iron dragon skeletons
  7 orb spiders
  5 shining eyes
  11 orc sorcerers
  A manticore (shapeshifter) (Vaults:4)
  7 frost giant zombies
  11 salamanders
  2 manticores (D:14)
  3 shadow dragon skeletons
  A cyclops (shapeshifter) (D:13)
  6 elephants
  9 frost giant skeletons
  3 moths of wrath
  10 fire giant skeletons
  58 black mambas
  4 shock serpent zombies
  2 moths of wrath (shapeshifter)
  27 ugly things
  4 worldbinders (Abyss:1)
  A black mamba (shapeshifter) (Depths:2)
  An elephant (shapeshifter) (Zig:15)
  43 rust devils
  3 titan simulacra (Coc:7)
  6 dire elephant zombies
  19 guardian serpents
  8 stone giant skeletons
  23 vault sentinels
  3 molten gargoyles (Geh:7)
  14 orange demons
  2 ice statues (Zig:6)
  18 naga magi
  25 eyes of devastation
  33 smoke demons
  2 gargoyles
  6 apocalypse crabs
  3 catoblepas zombies
  4 emperor scorpion zombies
  27 cane toads
  4 torpor snails
  33 hellions
  6 dire elephant skeletons
  3 shock serpent skeletons
  11 komodo dragons
  A minotaur zombie (Geh:4)
  6 rime drakes
  73 starcursed masses
  2 storm dragon simulacra (Coc:7)
  13 efreet
  2 komodo dragons (shapeshifter)
  39 freezing wraiths
  A yaktaur (shapeshifter) (D:13)
  14 hellwings
  52 tormentors
  A catoblepas skeleton (Coc:7)
  8 anaconda simulacra
  67 yaktaurs
  11 ancient zymes
  48 guardian mummies
  12 demonic crawlers
  36 ice devils
  5 harpy zombies
  A pale draconian zombie (Crypt:2)
  7 jumping spiders
  A merfolk (D:11)
  29 red devils
  4 tengu conjurers
  9 tyrant leeches
  9 trolls
  2 shadow dragon simulacra
  A queen bee (shapeshifter) (Vaults:2)
  5 silent spectres
  A meliai (shapeshifter) (Vaults:3)
  A hornet (shapeshifter) (Depths:4)
  23 hydra zombies
  15 wind drakes (Pan)
  27 hornets
  A death drake zombie (Crypt:2)
  A polar bear (Lair:6)
  23 blink frogs
  3 spriggan zombies
  A wolf spider simulacrum (Abyss:5)
  A raiju (shapeshifter) (Vaults:1)
  5 ice dragon zombies
  2 harpy skeletons
  69 slime creatures
  14 hippogriffs
  15 bog bodies
  11 ettin zombies
  16 alligator zombies
  7 hydra skeletons
  2 fire giant simulacra
  A stone giant simulacrum (Coc:6)
  7 fire dragon zombies
  5 ice dragon skeletons
  18 raiju
  A spriggan (shapeshifter) (Vaults:2)
  6 tarantellas
  A dire elephant simulacrum (Tar:4)
  3 air elementals
  8 fire dragon skeletons
  146 flying skulls
  22 shadows
  4 alligator skeletons
  5 ettin skeletons
  12 redbacks
  16 water elementals
  3 black mamba zombies
  2 tarantellas (shapeshifter)
  34 wraiths
  2 vampires
  A redback (shapeshifter) (Zig:5)
  15 fire bats
  24 ynoxinuls
  43 yaks
  14 spriggans
  A tyrant leech zombie (Crypt:3)
  A basilisk (shapeshifter) (Depths:2)
  8 wyverns
  21 ushabtiu
  A black mamba skeleton (Pan)
  4 basilisks
  22 fire elementals
  3 golden eyes (Depths:3)
  20 neqoxecs
  17 vampire mosquitoes
  16 chaos spawn
  14 swamp worms
  A two-headed ogre zombie (D:11)
  A yaktaur simulacrum (Depths:1)
  16 insubstantial wisps
  8 wargs
  A merfolk zombie (Tar:7)
  A soldier ant (shapeshifter) (Vaults:2)
  3 acid dragons
  61 nagas
  2 spatial vortices (Abyss:5)
  3 hydra simulacra
  23 water moccasins
  78 hell hounds
  11 porcupines
  8 cane toad zombies
  2 floating eyes
  3 manticore zombies
  54 orc warriors
  2 black bears
  10 ice beasts
  An elephant zombie (Crypt:2)
  2 ice dragon simulacra
  7 sky beasts
  6 snapping turtle zombies
  A fire dragon simulacrum (Depths:1)
  14 swamp drakes
  10 eyes of draining
  23 necrophages
  9 phantoms
  A sky beast (shapeshifter) (Elf:1)
  34 ogres
  An eye of draining (shapeshifter) (D:13)
  13 wolves
  An alligator simulacrum (Coc:6)
  7 cane toad skeletons
  20 boggarts
  5 swamp dragon zombies
  A dream sheep skeleton (Crypt:2)
  A manticore skeleton (Tar:6)
  7 snapping turtle skeletons
  16 crocodiles
  34 centaurs
  A centaur (shapeshifter) (Vaults:5)
  A big kobold (shapeshifter) (Vaults:5)
  2 big kobolds
  A draconian zombie (Crypt:2)
  19 bullfrogs
  A gnoll sergeant (D:5)
  2 elf zombies
  A glowing shapeshifter simulacrum (Vaults:3)
  A cane toad simulacrum (Coc:1)
  2 earth elementals
  A draconian skeleton (Crypt:2)
  A human simulacrum (Vaults:1)
  43 small abominations
  6 scorpions
  2 troll zombies
  A snapping turtle simulacrum (Abyss:2)
  A swamp dragon simulacrum (Coc:4)
  6 killer bees
  44 wights
  A queen bee zombie (Crypt:3)
  6 howler monkeys
  4 lava snakes (Volcano)
  A bullfrog zombie (D:8)
  12 crimson imps
  4 centaur zombies
  2 hounds
  3 human zombies
  28 orc priests
  4 jellies
  8 quasits
  4 centaur skeletons
  A soldier ant zombie (Crypt:1)
  30 orc wizards
  5 bullfrog skeletons
  26 iron imps
  A human skeleton (Coc:4)
  8 iguanas
  6 worker ants
  6 hell rats (Hell)
  A naga zombie (Crypt:2)
  7 ogre zombies
  2 tengu skeletons
  An acid dragon skeleton (Crypt:1)
  2 hound zombies
  A hound skeleton (D:5)
  62 mummies
  A worker ant zombie (D:5)
  A howler monkey zombie (D:7)
  11 adders
  A gnoll (D:1)
  15 shadow imps
  37 white imps
  8 ufetubi
  An ooze (D:2)
  3 adder skeletons
  2 adder zombies
  7 worms
  A ball lightning (Zig:23)
  A barachi zombie (Crypt:2)
  3 dart slugs
  5 leopard geckos
  95 orcs
  10 bats
  4 giant cockroaches
  9 hobgoblins
  14 jackals
  19 kobolds
  A quokka (D:10)
  2 ball pythons
  A ball python skeleton (D:4)
  A dart slug zombie (Crypt:3)
  10 frilled lizards
  6 goblins
  3 goblin zombies (D:11)
  2 hobgoblin skeletons (D:11)
  4 hobgoblin zombies (D:11)
  A jackal skeleton (D:7)
  A kobold skeleton (Pan)
  2 kobold zombies
  5 orc skeletons
  13 orc zombies (D:11)
  A quokka skeleton (D:4)
  10 rats
  A block of ice (Pan)
  3 crawling corpses (Vaults:4)
  2 fire vortices
  2 fungi
  A lurking horror (Abyss:1)
  12 plants
  10 starspawn tentacles
  5 tentacles
5321 creatures vanquished.

Vanquished Creatures (collateral kills)
  An ancient lich (Vaults:5)
  A juggernaut (Depths:4)
  A greater mummy (Tomb:2)
  A pandemonium lord (Pan)
  3 shard shrikes (Coc:7)
  A caustic shrike (Depths:2)
  2 golden dragons
  A Tzitzimitl (Tar:7)
  2 Hell Sentinels (Pan)
  A lich (Tomb:3)
  An Ice Fiend (Pan)
  An acid blob (Slime:5)
  An ancient champion (Dis:7)
  6 Executioners (Pan)
  7 nagarajas (Snake:4)
  2 storm dragons
  A thorn hunter (Swamp:4)
  2 daevas (Pan)
  A revenant (Tomb:1)
  A deep elf sorcerer (Elf:3)
  An orc warlord (Orc:1)
  2 frost giants
  2 black suns (Pan)
  A vault warden (Zig:15)
  An angel (Pan)
  An emperor scorpion (Zig:20)
  A curse skull (Pan)
  An iron dragon (Dis:7)
  A draconian annihilator (Pan)
  A reaper (Coc:7)
  2 very ugly things
  6 ophanim (Pan)
  2 entropy weavers (Zig:20)
  5 stone giants
  Nessos (Lair:5)
  7 bennus
  A spark wasp (Depths:2)
  2 deep elf annihilators
  A deep elf death mage (Elf:3)
  A blizzard demon (Coc:7)
  3 mummy priests
  A crystal guardian (Vaults:4)
  A quicksilver dragon zombie (Dis:7)
  2 great orbs of eyes
  A yaktaur captain (Depths:2)
  5 hydras
  A two-headed ogre (Vaults:4)
  2 dancing weapons (Elf:2)
  12 death scarabs
  2 shock serpents
  5 sun demons
  3 soul eaters (Pan)
  A titan skeleton (Pan)
  2 sixfirhies (Pan)
  An iron troll (Depths:3)
  A hell knight (Depths:5)
  4 skeletal warriors
  2 death drakes (Zig:22)
  2 glowing orange brains (Depths:3)
  4 cherubim (Pan)
  An orange crystal statue (Elf:2)
  A deep troll (Depths:3)
  An anaconda skeleton (Pan)
  4 swamp dragons (Zig:22)
  An orc knight (Orc:2)
  A necromancer (Lair:3)
  A deep elf mage (Elf:1)
  An iron dragon zombie (Coc:7)
  A fire giant zombie (Dis:7)
  A salamander (Snake:4)
  An ugly thing (Depths:1)
  A frost giant skeleton (Zig:8)
  An iron dragon skeleton (Tomb:2)
  A moth of wrath (Swamp:3)
  A black mamba (Zig:17)
  A rust devil (Dis:7)
  A titan simulacrum (Coc:7)
  2 molten gargoyles (Volcano)
  A gargoyle (Volcano)
  3 cane toads
  A hellion (Dis:7)
  A komodo dragon (Swamp:3)
  2 freezing wraiths (Coc:7)
  5 guardian mummies
  4 tormentors
  An ice devil (Coc:7)
  A hornet (Vaults:4)
  A blink frog (Lair:4)
  3 slime creatures (Slime:5)
  A dream sheep (Zig:17)
  6 flying skulls
  A ynoxinul (Pan)
  A water elemental (Coc:7)
  A fire dragon skeleton (Coc:7)
  7 ushabtiu
  An ice dragon skeleton (Coc:7)
  A wraith (Coc:7)
  A black mamba skeleton (Tomb:3)
  A warg (Vaults:4)
  A hell hound (Dis:7)
  2 swamp drakes
  3 orc warriors (Orc:1)
  An eye of draining (Slime:5)
  An ogre (Vaults:4)
  A centaur (Depths:2)
  A crocodile (Zig:17)
  An orc wizard (Orc:1)
  2 yak simulacra (Lair:3)
  11 mummies
  7 orcs (Orc:1)
  A fire vortex (Pan)
230 creatures vanquished.

Vanquished Creatures (others)
  2 Killer Klowns (Zig:23)
  A quicksilver dragon (shapeshifter) (Zig:23)
  An Executioner (Pan)
  A shadow dragon (Vaults:4)
  A nagaraja (Snake:4)
  A fire giant (Geh:7)
  An azure jelly (shapeshifter) (Zig:23)
  A frost giant (shapeshifter) (Zig:23)
  4 elemental wellsprings
  A yaktaur captain (Vaults:5)
  An ice dragon (Coc:7)
  A death scarab (Tomb:3)
  A naga sharpshooter (Zig:13)
  A deep elf knight (Elf:1)
  A wizard (Pan)
  A deep elf mage (Elf:1)
  A mana viper (shapeshifter) (Zig:15)
  A cane toad (shapeshifter) (Zig:23)
  A hellion (Geh:7)
  A jumping spider (Zig:20)
  A flying skull (Coc:7)
  A wraith (Geh:4)
  2 small abominations (Abyss:1)
  3 golden eyes (Abyss:1)
  A naga (Snake:4)
  A swamp drake (Swamp:2)
  A boggart (Depths:2)
  2 ogres (Vaults:4)
  A wight (Coc:6)
  An orc priest (Orc:1)
  A mummy (Tomb:2)
  4 ball lightnings (Zig:23)
  An orc (Orc:1)
  A bush (D:9)
  49 fungi
  A lurking horror (Abyss:1)
  30 plants
  17 starspawn tentacles
  7 tentacles
149 creatures vanquished.

Grand Total: 5700 creatures vanquished

Notes
Turn   | Place    | Note
-------+----------+-------------------------------------------
     0 | D:1      | mfyou the Formicid Fighter began the quest for the Orb.
     0 | D:1      | Reached XP level 1. HP: 18/18 MP: 1/1
    77 | D:1      | Reached XP level 2. HP: 21/24 MP: 2/2
   267 | D:1      | Reached XP level 3. HP: 15/29 MP: 3/3
  1047 | D:2      | Reached XP level 4. HP: 26/37 MP: 4/4
  1663 | D:2      | Reached XP level 5. HP: 29/42 MP: 5/5
  3238 | D:4      | Reached XP level 6. HP: 4/48 MP: 6/6
  3642 | D:4      | Noticed an ogre
  3779 | D:4      | Found Ripahea's Lightly-Used Armoury.
  4215 | D:5      | Entered Level 5 of the Dungeon
  4289 | D:5      | Noticed an ogre
  4299 | D:5      | Killed an ogre
  4299 | D:5      | Reached skill level 5 in Shields
  4299 | D:5      | Reached XP level 7. HP: 26/55 MP: 7/7
  4570 | D:5      | Reached skill level 5 in Axes
  4597 | D:5      | Reached skill level 5 in Fighting
  4597 | D:5      | Reached skill level 5 in Armour
  4688 | D:5      | Reached XP level 8. HP: 29/62 MP: 8/8
  5409 | D:6      | Found a bloodstained altar of Trog.
  5531 | D:6      | You fall into a shaft and drop 3 floors!
  5531 | D:9      | Found a staircase to the Lair.
  5531 | D:9      | Noticed a yak
  5532 | D:9      | Noticed a yak
  5888 | D:7      | Reached XP level 9. HP: 66/69 MP: 9/9
  6281 | D:6      | Found a staircase to the Ecumenical Temple.
  6971 | Temple   | Entered the Ecumenical Temple
  6985 | Temple   | Became a worshipper of the Shining One
  7755 | D:7      | Reached * piety under the Shining One
  7861 | D:7      | Noticed a hippogriff
  7873 | D:7      | Killed a hippogriff
  8705 | D:8      | Found the +5 robe of Misfortune {*Contam Harm *Corrode
                  | *Drain *Slow EV+5}
  8812 | D:8      | Reached XP level 10. HP: 67/79 MP: 10/10
  8892 | D:8      | Reached ** piety under the Shining One
 10409 | D:9      | Noticed a two-headed ogre
 10424 | D:9      | HP: 1/79 [two-headed ogre/+0 giant club (19)]
 11930 | D:9      | Noticed a two-headed ogre
 12226 | D:9      | Killed a two-headed ogre
 12226 | D:9      | Reached skill level 1 in Invocations
 12226 | D:9      | Reached XP level 11. HP: 76/87 MP: 10/12
 12275 | D:9      | Reached skill level 10 in Axes
 12333 | D:9      | Found Neduer's Antique Weapon Shop.
 12632 | D:9      | Killed a two-headed ogre
 13004 | D:10     | Entered Level 10 of the Dungeon
 13275 | D:10     | Noticed a two-headed ogre
 13284 | D:10     | Killed a two-headed ogre
 13381 | D:10     | Noticed a white ugly thing
 13437 | D:10     | You fall into a shaft and drop 1 floor!
 13450 | D:11     | Reached *** piety under the Shining One
 13819 | D:11     | Reached **** piety under the Shining One
 13828 | D:11     | Reached skill level 10 in Shields
 13922 | D:11     | Found a staircase to the Orcish Mines.
 13942 | D:11     | Reached ***** piety under the Shining One
 14628 | D:11     | You fall into a shaft and drop 1 floor!
 14910 | D:10     | Found Orheed's Antique Armour Boutique.
 14941 | D:10     | Reached skill level 5 in Invocations
 15312 | D:12     | Reached XP level 12. HP: 77/96 MP: 15/15
 15503 | D:12     | Noticed an unseen horror
 15520 | D:12     | Killed an unseen horror
 16281 | D:12     | Reached skill level 10 in Fighting
 16562 | D:12     | Noticed a two-headed ogre
 16579 | D:12     | Killed a two-headed ogre
 16579 | D:12     | Reached skill level 10 in Armour
 17631 | D:13     | Noticed a centaur warrior
 17918 | D:12     | Killed a centaur warrior
 18645 | D:13     | Noticed a centaur warrior
 18677 | D:13     | Killed a centaur warrior
 18973 | D:13     | Reached XP level 13. HP: 95/104 MP: 18/18
 18991 | D:13     | Noticed a centaur warrior
 19012 | D:13     | Killed a centaur warrior
 19039 | D:13     | Noticed a centaur warrior
 19063 | D:13     | Killed a centaur warrior
 19497 | D:13     | Found a gate to the Vaults.
 20091 | D:14     | Noticed a seven-headed hydra
 20092 | D:14     | Noticed a centaur warrior
 20102 | D:14     | Noticed a centaur warrior
 20169 | D:14     | Reached ****** piety under the Shining One
 20281 | D:14     | Noticed a centaur warrior
 20299 | D:14     | Killed a centaur warrior
 20435 | D:14     | Killed a centaur warrior
 20821 | D:14     | Killed a seven-headed hydra
 20827 | D:14     | Killed a centaur warrior
 21381 | D:15     | Entered Level 15 of the Dungeon
 21431 | D:15     | Noticed Roxanne
 21460 | D:15     | Noticed a yaktaur captain
 21723 | Lair:1   | Entered Level 1 of the Lair of Beasts
 22169 | Lair:1   | Noticed Gastronok
 22188 | Lair:1   | Killed Gastronok
 22188 | Lair:1   | Reached XP level 14. HP: 53/114 MP: 19/21
 24609 | Lair:3   | Reached skill level 10 in Invocations
 24933 | Lair:3   | Found a staircase to the Swamp.
 25866 | Lair:4   | Found a staircase to the Snake Pit.
 27035 | Lair:5   | Found a dark tunnel.
 27052 | Volcano  | Entered a volcano
 27371 | Volcano  | Found a bloodstained altar of Trog.
 27397 | Volcano  | Noticed a stone giant
 27412 | Volcano  | Killed a stone giant
 27414 | Volcano  | HP: 1/116 [molten gargoyle/bolt of magma (22)]
 28206 | D:4      | Bought -1 gold dragon scales for 975 gold pieces
 28561 | Lair:5   | Noticed Nessos
 28570 | Lair:5   | Killed Nessos
 28737 | Lair:5   | Found a runed translucent door.
 28738 | Lair:5   | Found a viscous altar of Jiyva.
 28738 | Lair:5   | Found a staircase to the Slime Pits.
 29583 | Lair:6   | Entered Level 6 of the Lair of Beasts
 29622 | Lair:6   | Reached XP level 15. HP: 107/122 MP: 23/23
 30002 | Lair:6   | Found a stormy altar of Qazlal.
 32173 | Lair:6   | Identified a scroll of acquirement
 32174 | Lair:6   | Acquired 3190 gold pieces
 32553 | Orc:1    | Entered Level 1 of the Orcish Mines
 32555 | Orc:1    | Noticed an orc warlord
 32573 | Orc:1    | Killed an orc warlord
 32725 | Orc:1    | Found Qits's Weapon Emporium.
 32861 | Orc:2    | Entered Level 2 of the Orcish Mines
 32882 | Orc:2    | Found a staircase to the Elven Halls.
 33803 | Orc:2    | Found Uleutei's Antique Weapon Boutique.
 33844 | Orc:2    | Found Uridoda's Antique Armour Shoppe.
 34083 | Orc:2    | Reached XP level 16. HP: 89/131 MP: 25/25
 34638 | Orc:2    | Found Awnif's General Store.
 34647 | Orc:2    | Bought a +3 battleaxe of electrocution for 431 gold pieces
 34690 | Orc:2    | Found Waemoh's Jewellery Shop.
 34775 | Orc:2    | Found a runed translucent door.
 34796 | Orc:2    | Found the +10 tower shield of Ignorance {rN+ Int-4}
 34801 | Orc:2    | Found a runed translucent door.
 35654 | Orc:2    | Bought an uncursed amulet of the acrobat for 330 gold
                  | pieces
 35654 | Orc:2    | Bought an uncursed ring of protection from cold for 275
                  | gold pieces
 35654 | Orc:2    | Bought an uncursed ring of resist corrosion for 220 gold
                  | pieces
 36011 | Swamp:1  | Entered Level 1 of the Swamp
 37493 | Swamp:2  | Reached skill level 15 in Shields
 38682 | Swamp:3  | Noticed a thorn hunter
 38697 | Swamp:3  | Killed a thorn hunter
 38852 | Swamp:3  | Found a transporter.
 38853 | Swamp:3  | Noticed Napalmbreeze's ghost (journeyman FeBe)
 38988 | Swamp:3  | Found a transporter.
 39107 | Swamp:3  | Reached XP level 17. HP: 87/139 MP: 26/26
 39435 | Swamp:3  | Noticed a tentacled monstrosity
 39448 | Swamp:3  | Killed a tentacled monstrosity
 40049 | Swamp:4  | Entered Level 4 of the Swamp
 40394 | Swamp:4  | Noticed a thorn hunter
 40410 | Swamp:4  | Killed a thorn hunter
 41208 | Swamp:4  | Got a pair of ancient gloves
 41227 | Swamp:3  | Identified the cursed +0 pair of gloves of the Game of Life
                  | {Harm rC+ Str+6} (You found it on level 4 of the Swamp)
 41239 | Swamp:3  | Reached skill level 15 in Axes
 41239 | Swamp:3  | Reached XP level 18. HP: 147/147 MP: 28/28
 41956 | Swamp:4  | Got a decaying rune of Zot
 42202 | Snake:1  | Entered Level 1 of the Snake Pit
 42723 | Snake:1  | Found a transporter.
 42939 | Snake:1  | Reached skill level 15 in Fighting
 43154 | Snake:2  | Reached skill level 15 in Armour
 43866 | Snake:2  | Reached XP level 19. HP: 145/155 MP: 29/29
 45534 | Snake:3  | Found Warebbu's Armour Shoppe.
 45970 | Snake:3  | Found Ladoycw's Assorted Antiques.
 45971 | Snake:3  | Found Ilafeiga's Book Shop.
 45971 | Snake:3  | Found Natyl's Antique Weapon Boutique.
 45974 | Snake:3  | Found Oghuisir's General Store.
 46020 | Snake:3  | Bought a scarf of resistance for 480 gold pieces
 46193 | Snake:4  | Entered Level 4 of the Snake Pit
 46242 | Snake:4  | Found Muczur's Distillery.
 46246 | Snake:4  | Found the +3 warlock's mirror {reflect}
 46523 | Snake:4  | Cast into level 3 of the Abyss (naga warrior)
 46625 | Snake:4  | Escaped the Abyss
 48269 | Snake:4  | Reached skill level 15 in Invocations
 49117 | Snake:4  | Found Kommaen's Gadget Emporium.
 49117 | Snake:4  | Found Kyseoh's Jewellery Boutique.
 49118 | Snake:4  | Found Doxoitho's Jewellery Boutique.
 49140 | Snake:4  | Bought the ring of Omuq {+Fly MR+ Str+3} for 727 gold
                  | pieces
 50049 | Snake:4  | Reached XP level 20. HP: 161/164 MP: 31/31
 50516 | Snake:4  | Got a serpentine rune of Zot
 50944 | Snake:1  | Found a transporter.
 50961 | Snake:1  | Got a warped executioner's axe
 50962 | Snake:1  | Identified the cursed +1 executioner's axe of Weak
                  | Forgiveness {freeze, rPois rF++ MP+9 Int-4} (You found it
                  | on level 1 of the Snake Pit)
 51372 | Vaults:1 | Entered Level 1 of the Vaults
 52260 | Vaults:1 | Found Luoc's Magic Scroll Emporium.
 52263 | Vaults:1 | Bought a scroll of acquirement for 728 gold pieces
 52263 | Vaults:1 | Acquired a manual of Fighting
 52267 | Vaults:1 | Bought a scroll of enchant armour for 105 gold pieces
 52267 | Vaults:1 | Bought a scroll of enchant armour for 105 gold pieces
 52267 | Vaults:1 | Bought a scroll of enchant armour for 105 gold pieces
 53123 | Vaults:2 | Reached XP level 21. HP: 80/174 MP: 16/33
 54677 | Vaults:3 | Found Sicwiab's Distillery.
 54956 | Vaults:3 | Found a staircase to the Crypt.
 55669 | Vaults:3 | Noticed a lich
 55679 | Vaults:3 | Killed a lich
 56815 | Vaults:4 | Reached XP level 22. HP: 142/185 MP: 34/34
 59043 | Swamp:3  | Killed Napalmbreeze's ghost
 59388 | Swamp:3  | Got a slimy bone ring
 59407 | Swamp:3  | Identified the ring of the Tortoise {EV+4 Int+4} (You found
                  | it on level 3 of the Swamp)
 59681 | D:15     | Found a staircase to the Depths.
 59758 | D:15     | Found a basalt altar of Yredelemnul.
 59786 | D:15     | Noticed Jorgrun
 59798 | D:15     | Killed Jorgrun
 60330 | Depths:1 | Entered Level 1 of the Depths
 60438 | Depths:1 | Found a gateway to Hell.
 60511 | Depths:1 | Got an ancient steel ring
 60521 | Depths:1 | Identified the ring "Limol" {Str+6 Dex+5} (You found it on
                  | level 1 of the Depths)
 60591 | Depths:1 | Reached XP level 23. HP: 129/195 MP: 31/36
 61034 | Depths:1 | Found a one-way gate leading to the halls of Pandemonium.
 61078 | Depths:1 | Found a one-way gate to the infinite horrors of the Abyss.
 61244 | Depths:1 | Identified the +9 halberd of the Mind {vorpal, MR+ Dex+2
                  | SInv} (You found it on level 1 of the Depths)
 61481 | Depths:1 | Identified the amulet "Zyimail" {Regen+ Slay+5}
 61763 | Depths:2 | Noticed the Enchantress
 62050 | Depths:1 | Killed the Enchantress
 62680 | Depths:2 | Noticed a caustic shrike
 62685 | Depths:2 | Killed a caustic shrike
 62905 | Depths:2 | Noticed a golden dragon
 62914 | Depths:2 | Killed a golden dragon
 62920 | Depths:2 | Noticed a golden dragon
 62934 | Depths:2 | Killed a golden dragon
 62935 | Depths:2 | Identified the +6 double sword "Luwistiu" {holy, MP-9 Str+2
                  | Dex+6}
 62936 | Depths:2 | Found the ring of Robustness {AC+8}
 63093 | Depths:2 | Found the +6 arbalest "Damnation" {damnation}
 63107 | Depths:2 | Identified the Reference Book on Confrontation
 63347 | Depths:2 | Reached XP level 24. HP: 196/206 MP: 36/36
 64221 | Depths:3 | Found a runed translucent gate.
 64221 | Depths:3 | Found a runed translucent gate.
 64221 | Depths:3 | Found an opulent altar of Gozag.
 64221 | Depths:3 | Found a runed translucent gate.
 64480 | Depths:3 | Got a warped bone ring
 64499 | Depths:3 | Identified the ring "Isoiry" {rF+ Str-5 Dex+4 Slay+2} (You
                  | found it on level 3 of the Depths)
 64682 | Depths:3 | Found a glowing golden altar of the Shining One.
 65849 | Depths:3 | Noticed a caustic shrike
 65849 | Depths:3 | Noticed a golden dragon
 65850 | Depths:3 | Noticed Fanwaunn's ghost (veteran TrMo)
 66086 | Depths:3 | Found Qirio's Assorted Antiques.
 66824 | Depths:4 | Reached XP level 25. HP: 202/214 MP: 36/36
 66934 | Depths:4 | You fall into a shaft and drop 1 floor!
 66934 | Depths:5 | Entered Level 5 of the Depths
 67149 | Depths:5 | Found a gate to the Realm of Zot.
 68054 | Depths:4 | Noticed a juggernaut
 68063 | Depths:4 | Killed a juggernaut
 68361 | Depths:5 | Found a gateway to a ziggurat.
 69654 | Elf:1    | Entered Level 1 of the Elven Halls
 69811 | Elf:1    | Identified Iskenderun's Papyrus of Confrontation
 70416 | Elf:1    | Identified the +7 war axe of Wondrous Power {elec, rElec
                  | MR- Str+4 Dex+4} (You found it on level 1 of the Elven
                  | Halls)
 70882 | Elf:2    | Reached XP level 26. HP: 224/224 MP: 37/37
 71325 | Elf:2    | Found a runed translucent gate.
 71325 | Elf:2    | Found a runed translucent gate.
 71326 | Elf:2    | Found a runed translucent gate.
 71629 | Elf:2    | Got spiked gold dragon scales
 71634 | Elf:2    | Identified the +1 gold dragon scales of Ceotoisao {*Corrode
                  | rPois rF+ rC+ rN+++ Int-4 Stlth+} (You found it on level 2
                  | of the Elven Halls)
 72156 | Elf:3    | Entered Level 3 of the Elven Halls
 72340 | Elf:3    | Found Veow's General Store.
 72426 | Elf:3    | Found a runed translucent door.
 72426 | Elf:3    | Found a shimmering altar of Xom.
 72426 | Elf:3    | Noticed brujo666's ghost (adept GnDe)
 72426 | Elf:3    | Identified the cursed +1 halberd of Bodepn {chaos, MR+
                  | Str+4}
 73248 | Elf:3    | Identified the cursed +1 halberd "Zukoes" {pain, *Corrode
                  | rElec rN++}
 73296 | Elf:3    | Identified the +4 trident "Hedutt" {venom, rPois rF+ rN+
                  | MR-}
 73318 | Elf:3    | Identified the +11 war axe of Mana {pain, rPois rF+ rC+}
 73592 | Elf:3    | Identified the +9 ice dragon scales "Yfapux" {rF- rC++ rN+
                  | Int+5}
 73678 | Elf:3    | Identified the +5 war axe "Vale" {venom, *Contam +Rage
                  | rElec MR+}
 73738 | Elf:3    | Identified the Almanac of the Dusty Frostbite
 74341 | Vaults:5 | Entered Level 5 of the Vaults
 74345 | Vaults:5 | Noticed an ancient lich
 74448 | Vaults:5 | Killed an ancient lich
 74448 | Vaults:5 | Reached XP level 27. HP: 194/233 MP: 19/37
 74762 | Vaults:5 | Noticed Bai Suzhen
 74840 | Vaults:4 | Killed Bai Suzhen
 76111 | Vaults:5 | Got a scintillating granite ring
 76145 | Vaults:5 | Identified the ring "Derphud" {Wiz MR+ Str+2} (You found it
                  | on level 5 of the Vaults)
 76260 | Vaults:5 | Identified the Compendium of the Hurtful Snowflakes
 76283 | Vaults:5 | Got a warped pewter ring
 76284 | Vaults:5 | Identified the ring "Voqeyre" {*Corrode +Fly rN+ Str-5
                  | Int+8} (You found it on level 5 of the Vaults)
 76410 | Vaults:5 | Identified the cursed +1 glaive of Destruction {freeze,
                  | rF++ rC+} (You found it on level 5 of the Vaults)
 76504 | Vaults:5 | Noticed a juggernaut
 76505 | Vaults:5 | a juggernaut changed into an iron giant
 76515 | Vaults:5 | Noticed a shard shrike
 76516 | Vaults:5 | a shard shrike changed into a titan
 76864 | Vaults:5 | Got a silver rune of Zot
 76977 | Vaults:5 | Identified the Papyrus of the Cloudy Mountains
 77130 | Vaults:5 | Acquired 590 gold pieces
 77358 | Depths:1 | Voluntarily entered the Abyss.
 77794 | Depths:1 | Escaped the Abyss
 77796 | Depths:1 | Voluntarily entered the Abyss.
 78370 | Abyss:1  | Found a shimmering blue altar of Sif Muna.
 78781 | Depths:1 | Escaped the Abyss
 78832 | Depths:1 | Voluntarily entered the Abyss.
 78838 | Abyss:1  | Found a corrupted altar of Lugonu.
 79104 | Abyss:1  | Gained mutation: Scrolls take you a little longer to read.
                  | [a neqoxec]
 79107 | Depths:1 | Escaped the Abyss
 79110 | Depths:1 | Voluntarily entered the Abyss.
 79161 | Depths:1 | Escaped the Abyss
 79163 | Depths:1 | Voluntarily entered the Abyss.
 79752 | Depths:1 | Escaped the Abyss
 79754 | Depths:1 | Voluntarily entered the Abyss.
 79963 | Abyss:1  | Found a corrupted altar of Lugonu.
 80135 | Abyss:1  | Noticed an ancient lich
 80152 | Abyss:1  | Killed an ancient lich
 80160 | Depths:1 | Escaped the Abyss
 80176 | Depths:1 | Voluntarily entered the Abyss.
 80213 | Depths:1 | Escaped the Abyss
 80215 | Depths:1 | Voluntarily entered the Abyss.
 80327 | Abyss:1  | Found a corrupted altar of Lugonu.
 80432 | Abyss:1  | Gained mutation: Your body sometimes deteriorates upon
                  | taking damage. [a cacodemon]
 80442 | Abyss:1  | Gained mutation: You are weak. (Str -2) [a cacodemon]
 80541 | Depths:1 | Escaped the Abyss
 80670 | Depths:1 | Voluntarily entered the Abyss.
 81986 | Abyss:3  | Got an abyssal rune of Zot
 82011 | Depths:1 | Escaped the Abyss
 82248 | Hell     | Entered the Vestibule of Hell
 82248 | Hell     | Noticed Geryon
 82326 | Depths:1 | Lost mutation: You are weak. (Str -2) [potion of mutation]
 82326 | Depths:1 | Lost mutation: Your body sometimes deteriorates upon taking
                  | damage. [potion of mutation]
 82326 | Depths:1 | Lost mutation: Scrolls take you a little longer to read.
                  | [potion of mutation]
 82326 | Depths:1 | Gained mutation: Your natural rate of healing is unusually
                  | fast. [potion of mutation]
 82326 | Depths:1 | Gained mutation: You passively map a small area around you.
                  | [potion of mutation]
 82326 | Depths:1 | Gained mutation: You expend magic power (3 MP) to
                  | strengthen your wands. [potion of mutation]
 82391 | Hell     | Killed Geryon
 82443 | Depths:1 | Identified a +9 executioner's axe of holy wrath (a +9
                  | vorpal executioner's axe blessed by the Shining One)
 82443 | Depths:1 | Received a gift from the Shining One
 82492 | Hell     | Found a gateway to the Iron City of Dis.
 82528 | Hell     | Found a gateway to the ashen valley of Gehenna.
 82708 | Hell     | Found a gateway to the freezing wastes of Cocytus.
 82815 | Hell     | Found a gateway to the decaying netherworld of Tartarus.
 83043 | Coc:1    | Entered Level 1 of Cocytus
 83171 | Coc:2    | Noticed a shard shrike
 83174 | Coc:2    | Killed a shard shrike
 83418 | Coc:3    | Noticed a shard shrike
 83419 | Coc:3    | Killed a shard shrike
 83506 | Coc:4    | Noticed a shard shrike
 83507 | Coc:4    | Noticed a shard shrike
 83508 | Coc:4    | Noticed a shard shrike
 83508 | Coc:4    | Noticed a shard shrike
 83515 | Coc:4    | Killed a shard shrike
 83515 | Coc:4    | Killed a shard shrike
 83518 | Coc:4    | Killed a shard shrike
 83520 | Coc:4    | Killed a shard shrike
 83768 | Coc:3    | Noticed a shard shrike
 83781 | Coc:3    | Killed a shard shrike
 83873 | Coc:4    | Noticed a shard shrike
 83874 | Coc:4    | Killed a shard shrike
 83972 | Coc:6    | Noticed a shard shrike
 83975 | Coc:6    | Noticed a shard shrike
 83975 | Coc:6    | Noticed a shard shrike
 83979 | Coc:6    | Noticed a shard shrike
 83981 | Coc:6    | Killed a shard shrike
 83982 | Coc:6    | Killed a shard shrike
 83982 | Coc:6    | Killed a shard shrike
 83983 | Coc:6    | Killed a shard shrike
 84126 | Coc:6    | Noticed a shard shrike
 84128 | Coc:6    | Noticed a shard shrike
 84135 | Coc:6    | Noticed a shard shrike
 84137 | Coc:6    | Killed a shard shrike
 84137 | Coc:6    | Killed a shard shrike
 84142 | Coc:6    | Killed a shard shrike
 84163 | Coc:6    | Noticed a shard shrike
 84175 | Coc:6    | Killed a shard shrike
 84337 | Coc:6    | Noticed a shard shrike
 84348 | Coc:6    | Killed a shard shrike
 84389 | Coc:6    | Noticed a shard shrike
 84394 | Coc:6    | Noticed a shard shrike
 84402 | Coc:6    | Killed a shard shrike
 84403 | Coc:6    | Killed a shard shrike
 84691 | Coc:7    | Entered Level 7 of Cocytus
 84789 | Coc:7    | Noticed a shard shrike
 84802 | Coc:7    | Killed a shard shrike
 84887 | Coc:7    | Noticed a shard shrike
 84904 | Coc:7    | Killed a shard shrike
 85003 | Coc:7    | Noticed a shard shrike
 85005 | Coc:7    | Noticed a shard shrike
 85005 | Coc:7    | Noticed a shard shrike
 85010 | Coc:7    | Killed a shard shrike
 85012 | Coc:7    | Killed a shard shrike
 85014 | Coc:7    | Killed a shard shrike
 85147 | Coc:7    | Noticed a shard shrike
 85147 | Coc:7    | Noticed a shard shrike
 85147 | Coc:7    | Noticed a shard shrike
 85153 | Coc:7    | Noticed the Serpent of Hell
 85155 | Coc:7    | Killed a shard shrike
 85158 | Coc:7    | Killed a shard shrike
 85162 | Coc:7    | Killed a shard shrike
 85167 | Coc:7    | Killed the Serpent of Hell
 85197 | Coc:7    | Noticed a shard shrike
 85205 | Coc:7    | Killed a shard shrike
 85504 | Coc:7    | Noticed a shard shrike
 85515 | Coc:7    | Killed a shard shrike
 85526 | Coc:7    | Noticed a shard shrike
 85564 | Coc:7    | Killed a shard shrike
 85859 | Coc:7    | Identified the +5 glaive of Invincibility {vorpal, rPois
                  | MR+}
 85859 | Coc:7    | Noticed Antaeus
 85878 | Coc:7    | Killed Antaeus
 85893 | Coc:7    | Got an icy rune of Zot
 86320 | Coc:7    | Noticed a shard shrike
 86327 | Coc:7    | Killed a shard shrike
 86406 | Dis:1    | Entered Level 1 of the Iron City of Dis
 87887 | Dis:7    | Entered Level 7 of the Iron City of Dis
 88431 | Dis:7    | Identified the +4 staff of Dispater
 88431 | Dis:7    | Noticed Dispater
 88467 | Dis:7    | Killed Dispater
 88571 | Dis:7    | Got an iron rune of Zot
 88661 | Dis:7    | Found the +3 salamander hide armour {Flames rF++ rC--}
 89429 | Hell     | Upgraded the game from 0.26-a0-491-g70697cc071 to
                  | 0.26-a0-497-g0187308201
 89472 | Tar:1    | Entered Level 1 of Tartarus
 89846 | Tar:4    | Found a huge runed gate.
 89846 | Tar:4    | Found a huge runed gate.
 89846 | Tar:4    | Found a huge runed gate.
 89847 | Tar:4    | Found a huge runed gate.
 89847 | Tar:4    | Found a huge runed gate.
 89847 | Tar:4    | Found a huge runed gate.
 89847 | Tar:4    | Found a huge runed gate.
 89847 | Tar:4    | Found a huge runed gate.
 89847 | Tar:4    | Found a huge runed gate.
 89847 | Tar:4    | Found a huge runed gate.
 89854 | Tar:4    | Found a huge runed gate.
 89854 | Tar:4    | Found a huge runed gate.
 89854 | Tar:4    | Found a huge runed gate.
 89854 | Tar:4    | Found a huge runed gate.
 89854 | Tar:4    | Found a huge runed gate.
 89856 | Tar:4    | Found a huge runed gate.
 90325 | Tar:5    | Reached skill level 27 in Shields
 90731 | Tar:6    | Reached skill level 1 in Dodging
 91226 | Tar:7    | Entered Level 7 of Tartarus
 91621 | Tar:7    | Noticed Ereshkigal
 91636 | Tar:7    | Killed Ereshkigal
 91654 | Tar:7    | Reached skill level 5 in Dodging
 91744 | Tar:7    | Got a bone rune of Zot
 92079 | Tar:7    | Reached skill level 27 in Fighting
 92336 | Tar:7    | Reached skill level 27 in Invocations
 92744 | Geh:1    | Entered Level 1 of Gehenna
 93601 | Geh:7    | Entered Level 7 of Gehenna
 93934 | Geh:7    | Identified the +7 sceptre of Asmodeus
 93934 | Geh:7    | Noticed Asmodeus
 93941 | Geh:7    | Reached skill level 10 in Dodging
 93955 | Geh:7    | Killed Asmodeus
 94127 | Geh:7    | Got a pair of faintly glowing boots
 94128 | Geh:7    | Identified the cursed +0 pair of boots of Valiance {rF+}
                  | (You found it on level 7 of Gehenna)
 94242 | Geh:7    | Got an obsidian rune of Zot
 94450 | Geh:7    | Reached skill level 27 in Armour
 94892 | Geh:7    | Identified the Papyrus of Toxins and the Mountains
 95255 | Pan      | Entered Pandemonium
 95376 | Pan      | Reached skill level 1 in Evocations
 95508 | Pan      | Reached skill level 1 in Throwing
 95606 | Pan      | Identified the +4 plate armour of Hairy Surprise {-Tele
                  | Harm rF+ Int+4}
 95607 | Pan      | Noticed Hueff the pandemonium lord
 95620 | Pan      | Killed Hueff the pandemonium lord
 95828 | Pan      | Found a runed translucent door.
 95859 | Pan      | Got a demonic rune of Zot
 96305 | Pan      | Noticed Peyntask the pandemonium lord
 96322 | Pan      | Killed Peyntask the pandemonium lord
 96374 | Pan      | Reached skill level 5 in Evocations
 96400 | Pan      | Found an exit through the horrors of the Abyss.
 96482 | Pan      | Noticed Zeosad the pandemonium lord
 96495 | Pan      | Killed Zeosad the pandemonium lord
 96653 | Pan      | Reached skill level 5 in Throwing
 97009 | Pan      | Noticed Paurr the pandemonium lord
 97026 | Pan      | Killed Paurr the pandemonium lord
 97631 | Pan      | Found a glowing golden altar of the Shining One.
 97639 | Pan      | Identified the +10 scythe "Xedo" {flame, rElec Int+4 Dex-3}
 97639 | Pan      | Identified the +3 chain mail of the Abyss {rF+++ rN+ Int-4
                  | Dex-3}
 97639 | Pan      | Noticed a seraph
 97645 | Pan      | Identified the +3 buckler of the Guilds {rElec}
 97655 | Pan      | Killed a seraph
 97690 | Pan      | Identified the cursed +1 battleaxe of the Undead {flame,
                  | +Fly} (You found it in Pandemonium)
 97727 | Depths:3 | Escaped Pandemonium
 97731 | Pan      | Entered the realm of Cerebov.
 97731 | Pan      | Entered Pandemonium
 97839 | Pan      | Identified the +6 sword of Cerebov {flame}
 97839 | Pan      | Noticed Cerebov
 98094 | Pan      | Identified the cursed ring of Satyriasis {AC-4 Dex+3}
 98144 | Pan      | Killed Cerebov
 98249 | Pan      | Got a fiery rune of Zot
 98267 | Pan      | Identified Uxaateisch's Guide on Cloudy Translocation
 98364 | Pan      | Identified the +2 broad axe of the Solstice {vorpal, *Noise
                  | +Blink MR+ Int+3} (You found it in Pandemonium)
 98426 | Pan      | Got a smoking steel ring
 98427 | Pan      | Identified the ring "Voel" {Wiz +Fly Int+3 Dex+3} (You
                  | found it in Pandemonium)
 98601 | Pan      | Reached skill level 27 in Axes
 98910 | Pan      | Entered the realm of Gloorx Vloq.
 99084 | Pan      | Reached skill level 10 in Evocations
 99366 | Pan      | Noticed Gloorx Vloq
 99382 | Pan      | Killed Gloorx Vloq
 99388 | Pan      | Reached skill level 10 in Throwing
 99454 | Pan      | Got a dark rune of Zot
 99590 | Pan      | Gained mutation: Your body sometimes deteriorates upon
                  | taking damage. [a cacodemon]
 99611 | Pan      | Noticed Juakiokh the pandemonium lord
 99619 | Pan      | Killed Juakiokh the pandemonium lord
 99631 | Pan      | Entered the realm of Lom Lobon.
 99805 | Pan      | Found an exit through the horrors of the Abyss.
100100 | Pan      | Noticed Lom Lobon
100118 | Pan      | Killed Lom Lobon
100160 | Pan      | Reached skill level 15 in Dodging
100261 | Pan      | Got a magical rune of Zot
100435 | Pan      | Entered the realm of Mnoleg.
100603 | Pan      | Gained mutation: You occasionally shout uncontrollably at
                  | your foes. [a cacodemon]
100617 | Pan      | Gained mutation: Scrolls take you a little longer to read.
                  | [a neqoxec]
100623 | Pan      | Gained mutation: You are frail. (-10% HP) [a cacodemon]
100687 | Pan      | Noticed Mnoleg
100693 | Pan      | Gained mutation: Your spells are a little easier to cast,
                  | but a little less powerful. [a neqoxec]
100696 | Pan      | Gained mutation: You are weak. (Str -2) [a neqoxec]
100697 | Pan      | Gained mutation: You are clumsy. (Dex -2) [a neqoxec]
100703 | Pan      | Killed Mnoleg
100728 | Pan      | Lost mutation: You are weak. (Str -2) [a neqoxec]
100743 | Pan      | Got a glowing rune of Zot
100887 | Pan      | Gained mutation: Your body often deteriorates upon taking
                  | damage. [a cacodemon]
100956 | Pan      | Gained mutation: Your magical capacity is low. (-10% MP) [a
                  | cacodemon]
101007 | Depths:3 | Escaped Pandemonium
101010 | Depths:3 | Lost mutation: You are frail. (-10% HP) [potion of
                  | mutation]
101010 | Depths:3 | Lost mutation: You are clumsy. (Dex -2) [potion of
                  | mutation]
101010 | Depths:3 | Gained mutation: You are covered in fur. (AC +1) [potion of
                  | mutation]
101010 | Depths:3 | Gained mutation: You are partially covered in rugged brown
                  | scales. (AC +1, +3% HP) [potion of mutation]
101011 | Depths:3 | Lost mutation: Your natural rate of healing is unusually
                  | fast. [potion of mutation]
101011 | Depths:3 | Lost mutation: Scrolls take you a little longer to read.
                  | [potion of mutation]
101011 | Depths:3 | Lost mutation: Your magical capacity is low. (-10% MP)
                  | [potion of mutation]
101011 | Depths:3 | Lost mutation: You occasionally shout uncontrollably at
                  | your foes. [potion of mutation]
101011 | Depths:3 | Gained mutation: Your muscles are strong. (Str +2) [potion
                  | of mutation]
101011 | Depths:3 | Gained mutation: You have large cloven feet. [potion of
                  | mutation]
101319 | Slime:1  | Entered Level 1 of the Pits of Slime
101383 | Slime:2  | Gained mutation: Your spells are easier to cast, but less
                  | powerful. [a shining eye]
101386 | Slime:2  | Gained mutation: You are dopey. (Int -2) [a shining eye]
101487 | Slime:3  | Gained mutation: You have hoof-like feet. [a shining eye]
101504 | Slime:4  | Gained mutation: You are frail. (-10% HP) [a shining eye]
101518 | Slime:5  | Entered Level 5 of the Pits of Slime
101543 | Slime:5  | Identified the +7 tower shield of Quantum Leap {rF+ rCorr
                  | SInv}
101551 | Slime:5  | Found a viscous altar of Jiyva.
101551 | Slime:5  | Noticed the Royal Jelly
101574 | Slime:5  | Killed the Royal Jelly
101749 | Slime:5  | Acquired 1570 gold pieces
101775 | Slime:5  | Got a fine amber ring
101776 | Slime:5  | Identified the ring "Acvyurah" {+Blink Stlth-} (You found
                  | it on level 5 of the Pits of Slime)
101797 | Slime:5  | Got a slimy rune of Zot
101850 | Slime:5  | Identified the Volume of the Wilderness
101931 | Slime:5  | Identified the +10 plate armour of the True Pharaoh {Harm
                  | Dex+3} (You found it on level 5 of the Pits of Slime)
101968 | Slime:2  | Gained mutation: You are clumsy. (Dex -2) [a shining eye]
101969 | Slime:2  | Gained mutation: Scrolls take you a little longer to read.
                  | [a shining eye]
102046 | Lair:5   | Lost mutation: You are frail. (-10% HP) [potion of
                  | mutation]
102046 | Lair:5   | Lost mutation: Your body often deteriorates upon taking
                  | damage. [potion of mutation]
102046 | Lair:5   | Lost mutation: You are partially covered in rugged brown
                  | scales. (AC +1, +3% HP) [potion of mutation]
102046 | Lair:5   | Gained mutation: Your flesh is cold resistant. (rC+)
                  | [potion of mutation]
102047 | Lair:5   | Lost mutation: Scrolls take you a little longer to read.
                  | [potion of mutation]
102047 | Lair:5   | Lost mutation: Your spells are easier to cast, but less
                  | powerful. [potion of mutation]
102047 | Lair:5   | Lost mutation: You expend magic power (3 MP) to strengthen
                  | your wands. [potion of mutation]
102047 | Lair:5   | Lost mutation: You are clumsy. (Dex -2) [potion of
                  | mutation]
102047 | Lair:5   | Gained mutation: You are somewhat resistant to further
                  | mutation. [potion of mutation]
102048 | Lair:5   | Lost mutation: Your flesh is cold resistant. (rC+) [potion
                  | of mutation]
102048 | Lair:5   | Lost mutation: You are somewhat resistant to further
                  | mutation. [potion of mutation]
102048 | Lair:5   | Lost mutation: Your body sometimes deteriorates upon taking
                  | damage. [potion of mutation]
102048 | Lair:5   | Gained mutation: Your system is resistant to poisons.
                  | (rPois) [potion of mutation]
102048 | Lair:5   | Gained mutation: You are resistant to hostile enchantments.
                  | (MR+) [potion of mutation]
102358 | Crypt:1  | Entered Level 1 of the Crypt
103119 | Crypt:2  | Reached skill level 15 in Evocations
103485 | Crypt:2  | Noticed Boris
103492 | Crypt:2  | Killed Boris
103825 | Crypt:3  | Entered Level 3 of the Crypt
103872 | Crypt:3  | Noticed Khufu
103893 | Crypt:3  | Killed Khufu
103904 | Crypt:3  | Noticed a greater mummy
103910 | Crypt:3  | Killed a greater mummy
104077 | Crypt:3  | Found the +8 mithril axe "Arga" {speed, MR+}
104138 | Crypt:3  | Reached skill level 15 in Throwing
104537 | Crypt:3  | Found a staircase to the Tomb.
104723 | Crypt:3  | Noticed an ancient lich
104734 | Crypt:3  | Killed an ancient lich
104743 | Crypt:3  | Noticed an ancient lich
104743 | Crypt:3  | Noticed an ancient lich
104751 | Crypt:3  | Killed an ancient lich
104753 | Crypt:3  | Killed an ancient lich
104757 | Crypt:3  | Got an ancient ruby amulet
104757 | Crypt:3  | Got a warped steel ring
104758 | Crypt:3  | Identified the amulet "Salichue" {*Slow rC- Regen+ Str+6
                  | Int+2} (You found it on level 3 of the Crypt)
104759 | Crypt:3  | Identified the ring "Fauc" {rN+ Stlth+} (You found it on
                  | level 3 of the Crypt)
104760 | Crypt:3  | Identified the ring "Gumneaph" {rElec rC+++ rN+ Slay-5
                  | SInv} (You found it on level 3 of the Crypt)
104761 | Crypt:3  | Acquired the +10 battleaxe of the Enchanted Forest {elec,
                  | rN+ MR+ Int+3}
104844 | Tomb:1   | Entered Level 1 of the Tomb of the Ancients
105061 | Tomb:1   | Noticed Boris
105068 | Tomb:1   | Killed Boris
105317 | Tomb:1   | Noticed a greater mummy
105326 | Tomb:1   | Killed a greater mummy
105873 | Tomb:2   | Noticed a greater mummy
105875 | Tomb:2   | Noticed a greater mummy
105876 | Tomb:2   | Noticed a greater mummy
105877 | Tomb:2   | Noticed a greater mummy
105883 | Tomb:2   | Noticed an ancient lich
105888 | Tomb:2   | Killed a greater mummy
105896 | Tomb:2   | Killed a greater mummy
105901 | Tomb:2   | Killed a greater mummy
105914 | Tomb:2   | Killed a greater mummy
105919 | Tomb:2   | Killed an ancient lich
106432 | Tomb:1   | Noticed a greater mummy
106435 | Tomb:1   | Noticed a greater mummy
106438 | Tomb:1   | Killed a greater mummy
106444 | Tomb:1   | Killed a greater mummy
106918 | Tomb:1   | Noticed a greater mummy
106924 | Tomb:1   | Killed a greater mummy
106953 | Tomb:1   | Noticed a greater mummy
106961 | Tomb:1   | Killed a greater mummy
106997 | Tomb:1   | Noticed a greater mummy
107006 | Tomb:1   | Killed a greater mummy
107022 | Tomb:1   | Noticed a greater mummy
107024 | Tomb:1   | Noticed a greater mummy
107027 | Tomb:1   | Noticed a greater mummy
107030 | Tomb:1   | Killed a greater mummy
107030 | Tomb:1   | Noticed a greater mummy
107032 | Tomb:1   | Killed a greater mummy
107033 | Tomb:1   | Noticed a greater mummy
107040 | Tomb:1   | Killed a greater mummy
107044 | Tomb:1   | Killed a greater mummy
107050 | Tomb:1   | Killed a greater mummy
107095 | Tomb:1   | Noticed a greater mummy
107104 | Tomb:1   | Noticed a greater mummy
107106 | Tomb:1   | Killed a greater mummy
107111 | Tomb:1   | Killed a greater mummy
107317 | Tomb:1   | Noticed a greater mummy
107333 | Tomb:1   | Killed a greater mummy
107366 | Tomb:1   | Noticed a greater mummy
107369 | Tomb:1   | Noticed a greater mummy
107372 | Tomb:1   | Killed a greater mummy
107376 | Tomb:1   | Killed a greater mummy
107657 | Tomb:1   | Noticed a greater mummy
107668 | Tomb:1   | Killed a greater mummy
107668 | Tomb:1   | Noticed a greater mummy
107671 | Tomb:1   | Killed a greater mummy
108112 | Tomb:3   | Entered Level 3 of the Tomb of the Ancients
108127 | Tomb:3   | Noticed an ancient lich
108134 | Tomb:3   | Noticed a greater mummy
108134 | Tomb:3   | Noticed a greater mummy
108137 | Tomb:3   | Noticed a greater mummy
108138 | Tomb:3   | Killed an ancient lich
108148 | Tomb:3   | Noticed a greater mummy
108164 | Tomb:3   | Noticed a greater mummy
108165 | Tomb:3   | Killed a greater mummy
108166 | Tomb:3   | Noticed an ancient lich
108166 | Tomb:3   | Killed a greater mummy
108166 | Tomb:3   | Killed a greater mummy
108166 | Tomb:3   | Noticed a greater mummy
108166 | Tomb:3   | Noticed a greater mummy
108171 | Tomb:3   | Killed a greater mummy
108179 | Tomb:3   | Killed a greater mummy
108180 | Tomb:3   | Killed an ancient lich
108180 | Tomb:3   | Killed a greater mummy
108180 | Tomb:3   | Killed a greater mummy
108441 | Tomb:3   | Identified the amulet "Sucwev" {Inacc rN+ Int+2} (You found
                  | it on level 3 of the Tomb of the Ancients)
108444 | Tomb:3   | Identified the Grimoire of Toxins
108448 | Tomb:3   | Identified Umirch's Collected Works on the Ensnaring
                  | Snowflakes
108494 | Tomb:3   | Found the cursed necklace of Bloodlust {*Rage +Rage MR++
                  | Int-3 Slay+6 *Curse}
108762 | Tomb:3   | Got a golden rune of Zot
108878 | Tomb:3   | Lost mutation: Your spells are a little easier to cast, but
                  | a little less powerful. [potion of mutation]
108878 | Tomb:3   | Lost mutation: Your muscles are strong. (Str +2) [potion of
                  | mutation]
108878 | Tomb:3   | Lost mutation: You passively map a small area around you.
                  | [potion of mutation]
108878 | Tomb:3   | Gained mutation: Your body sometimes deteriorates upon
                  | taking damage. [potion of mutation]
108878 | Tomb:3   | Gained mutation: You expend magic power (3 MP) to
                  | strengthen your wands. [potion of mutation]
108878 | Tomb:3   | Gained mutation: You evolve. [potion of mutation]
108879 | Tomb:3   | Lost mutation: You are resistant to hostile enchantments.
                  | (MR+) [potion of mutation]
108879 | Tomb:3   | Lost mutation: You have hoof-like feet. [potion of
                  | mutation]
108879 | Tomb:3   | Lost mutation: You expend magic power (3 MP) to strengthen
                  | your wands. [potion of mutation]
108879 | Tomb:3   | Gained mutation: Armour fits poorly on your strangely
                  | shaped body. [potion of mutation]
108879 | Tomb:3   | Gained mutation: You are robust. (+10% HP) [potion of
                  | mutation]
108879 | Tomb:3   | Gained mutation: You have a somewhat thin skeletal
                  | structure. (Dex +2, Stealth) [potion of mutation]
108880 | Tomb:3   | Lost mutation: You are robust. (+10% HP) [potion of
                  | mutation]
108880 | Tomb:3   | Lost mutation: You are dopey. (Int -2) [potion of mutation]
108880 | Tomb:3   | Lost mutation: You have large cloven feet. [potion of
                  | mutation]
108880 | Tomb:3   | Gained mutation: You are covered in thick fur. (AC +2)
                  | [potion of mutation]
108880 | Tomb:3   | Gained mutation: You expend magic power (3 MP) to
                  | strengthen your wands. [potion of mutation]
108880 | Tomb:3   | Gained mutation: Your flesh is cold resistant. (rC+)
                  | [potion of mutation]
108881 | Tomb:3   | Lost mutation: Your body sometimes deteriorates upon taking
                  | damage. [potion of mutation]
108881 | Tomb:3   | Lost mutation: Armour fits poorly on your strangely shaped
                  | body. [potion of mutation]
108881 | Tomb:3   | Lost mutation: You evolve. [potion of mutation]
108881 | Tomb:3   | Lost mutation: Your system is resistant to poisons. (rPois)
                  | [potion of mutation]
108881 | Tomb:3   | Gained mutation: You occasionally shout uncontrollably at
                  | your foes. [potion of mutation]
108881 | Tomb:3   | Gained mutation: You have large cloven feet. [potion of
                  | mutation]
108881 | Tomb:3   | Gained mutation: You evolve. [potion of mutation]
108882 | Tomb:3   | Lost mutation: You occasionally shout uncontrollably at
                  | your foes. [potion of mutation]
108882 | Tomb:3   | Lost mutation: You evolve. [potion of mutation]
108882 | Tomb:3   | Lost mutation: Your flesh is cold resistant. (rC+) [potion
                  | of mutation]
108882 | Tomb:3   | Gained mutation: You do not regenerate when monsters are
                  | visible. [potion of mutation]
108882 | Tomb:3   | Gained mutation: You are resistant to electric shocks.
                  | (rElec) [potion of mutation]
108882 | Tomb:3   | Gained mutation: You are clumsy. (Dex -2) [potion of
                  | mutation]
108882 | Tomb:3   | Gained mutation: You are partially covered in icy blue
                  | scales. (AC +2) [potion of mutation]
108883 | Tomb:3   | Lost mutation: You expend magic power (3 MP) to strengthen
                  | your wands. [potion of mutation]
108883 | Tomb:3   | Lost mutation: You have large cloven feet. [potion of
                  | mutation]
108883 | Tomb:3   | Lost mutation: You are covered in thick fur. (AC +2)
                  | [potion of mutation]
108883 | Tomb:3   | Lost mutation: You are clumsy. (Dex -2) [potion of
                  | mutation]
108883 | Tomb:3   | Gained mutation: Your mind is acute. (Int +2) [potion of
                  | mutation]
109212 | Vaults:3 | Bought a potion of mutation for 96 gold pieces
109212 | Vaults:3 | Lost mutation: You are resistant to electric shocks.
                  | (rElec) [potion of mutation]
109212 | Vaults:3 | Lost mutation: You are partially covered in icy blue
                  | scales. (AC +2) [potion of mutation]
109212 | Vaults:3 | Lost mutation: You do not regenerate when monsters are
                  | visible. [potion of mutation]
109212 | Vaults:3 | Lost mutation: Your mind is acute. (Int +2) [potion of
                  | mutation]
109212 | Vaults:3 | Gained mutation: Scrolls take you a little longer to read.
                  | [potion of mutation]
109212 | Vaults:3 | Gained mutation: You are partially covered in slimy green
                  | scales. (AC +2) [potion of mutation]
109529 | Snake:4  | Bought a potion of mutation for 128 gold pieces
109529 | Snake:4  | Bought a potion of heal wounds for 80 gold pieces
109529 | Snake:4  | Bought a potion of resistance for 160 gold pieces
109529 | Snake:4  | Bought a potion of might for 64 gold pieces
109529 | Snake:4  | Bought a potion of resistance for 160 gold pieces
109529 | Snake:4  | Bought a potion of might for 64 gold pieces
109529 | Snake:4  | Bought a potion of mutation for 128 gold pieces
109529 | Snake:4  | Bought a potion of heal wounds for 80 gold pieces
109531 | Snake:4  | Lost mutation: Scrolls take you a little longer to read.
                  | [potion of mutation]
109531 | Snake:4  | Lost mutation: You have a somewhat thin skeletal structure.
                  | (Dex +2, Stealth) [potion of mutation]
109531 | Snake:4  | Gained mutation: You are partially covered in yellow
                  | scales. (AC +2) [potion of mutation]
109531 | Snake:4  | Gained mutation: Your flesh is heat resistant. (rF+)
                  | [potion of mutation]
110065 | Depths:3 | Killed Fanwaunn's ghost
110393 | Zig:1    | Entered Level 1 of a ziggurat
110411 | Zig:2    | Entered Level 2 of a ziggurat
110469 | Zig:3    | Entered Level 3 of a ziggurat
110502 | Zig:4    | Entered Level 4 of a ziggurat
110552 | Zig:4    | Identified the +7 scimitar "Ymiur" {drain, *Drain rC+++
                  | Stlth+} (You found it on level 4 of a ziggurat)
110554 | Zig:5    | Entered Level 5 of a ziggurat
110597 | Zig:5    | Identified the +6 battleaxe of the Howling Traitor {vamp,
                  | rN+ Str+3} (You found it on level 5 of a ziggurat)
110604 | Zig:6    | Entered Level 6 of a ziggurat
110877 | Zig:6    | Acquired 350 gold pieces
110888 | Zig:7    | Entered Level 7 of a ziggurat
110956 | Zig:7    | Identified the amulet of Itaokk {RegenMP Str+6} (You found
                  | it on level 7 of a ziggurat)
110959 | Zig:8    | Entered Level 8 of a ziggurat
110966 | Zig:8    | Noticed a greater mummy
110977 | Zig:8    | Killed a greater mummy
111264 | Zig:8    | Identified Momituli's Handbook of Beguiling
111274 | Zig:8    | Identified the ring "Yrchew" {rC- MR+ Slay+3 SInv} (You
                  | found it on level 8 of a ziggurat)
111278 | Zig:9    | Entered Level 9 of a ziggurat
111520 | Zig:9    | Acquired the +4 executioner's axe "Qoulosa" {elec, MR+}
111530 | Zig:10   | Entered Level 10 of a ziggurat
111540 | Zig:10   | Noticed a juggernaut
111551 | Zig:10   | Killed a juggernaut
111690 | Zig:11   | Entered Level 11 of a ziggurat
111782 | Zig:12   | Entered Level 12 of a ziggurat
111959 | Zig:12   | Identified the ring "Juamyghycw" {rC+ MP+9 Stlth+} (You
                  | found it on level 12 of a ziggurat)
111962 | Zig:12   | Identified the amulet "Zeeclof" {Faith rN+ MP-9 Dex+8} (You
                  | found it on level 12 of a ziggurat)
111971 | Zig:13   | Entered Level 13 of a ziggurat
112101 | Zig:13   | Identified the Reference Book on Creation and Envenoming
112130 | Zig:13   | Identified the ring "Puageora" {rN+ MR+ Int+2 SInv} (You
                  | found it on level 13 of a ziggurat)
112138 | Zig:13   | Reached skill level 5 in Long Blades
112147 | Zig:14   | Entered Level 14 of a ziggurat
112406 | Zig:14   | Identified the +11 glaive "Moqoad" {protect, +Fly rElec
                  | rC-} (You found it on level 14 of a ziggurat)
112417 | Zig:15   | Entered Level 15 of a ziggurat
112437 | Zig:15   | Identified the cursed +0 tower shield of Navvulli {Int+10
                  | Stlth-}
112598 | Zig:15   | Identified the Papyrus of Conjuration
112639 | Zig:15   | Identified the +2 cloak of the Elven Halls {rElec rN+
                  | Int+4} (You found it on level 15 of a ziggurat)
112668 | Zig:16   | Entered Level 16 of a ziggurat
112982 | Zig:16   | Identified the +5 triple sword of Xom's Hatred {elec, rF++
                  | MP+9} (You found it on level 16 of a ziggurat)
112993 | Zig:16   | Identified the amulet of Hakhlad {RegenMP +Inv +Fly rC+
                  | Slay-3} (You found it on level 16 of a ziggurat)
112998 | Zig:16   | Identified the cursed +2 bardiche "Transmigrator" {venom,
                  | rPois rF+ rN+} (You found it on level 16 of a ziggurat)
113108 | Zig:17   | Entered Level 17 of a ziggurat
113359 | Zig:17   | Identified the cursed ring of Zuunos {rF+ Dex-4} (You found
                  | it on level 17 of a ziggurat)
113394 | Zig:18   | Entered Level 18 of a ziggurat
113438 | Zig:18   | HP: 2/242 [purple draconian/bolt of dispelling energy (35)]
113791 | Zig:19   | Entered Level 19 of a ziggurat
113814 | Zig:19   | Noticed an ancient lich
113815 | Zig:19   | Noticed an ancient lich
113823 | Zig:19   | Killed an ancient lich
113826 | Zig:19   | Killed an ancient lich
113997 | Zig:19   | Got a translucent steel ring
114040 | Zig:20   | Entered Level 20 of a ziggurat
114371 | Zig:20   | Found the ring of the Octopus King
114376 | Zig:20   | Got a bound ivory amulet
114425 | Zig:20   | Identified the ring of Ymegonuch {Str+6 Int+4} (You found
                  | it on level 20 of a ziggurat)
114426 | Zig:20   | Identified the amulet of the Six Glowing Eyes {Acrobat rC+
                  | rN+} (You found it on level 20 of a ziggurat)
114427 | Zig:20   | Identified the ring of Ihidgh {rPois rF+ Str+6 Int-3} (You
                  | found it on level 19 of a ziggurat)
114436 | Zig:20   | Identified a ring of the Octopus King {rCorr AC+1 EV+1
                  | Str+1 Int+1 Dex+1} (You found it on level 20 of a ziggurat)
114452 | Zig:21   | Entered Level 21 of a ziggurat
114466 | Zig:21   | Noticed a juggernaut
114467 | Zig:21   | Noticed a juggernaut
114471 | Zig:21   | Noticed a juggernaut
114478 | Zig:21   | Killed a juggernaut
114481 | Zig:21   | Noticed a juggernaut
114483 | Zig:21   | Killed a juggernaut
114486 | Zig:21   | Noticed a juggernaut
114491 | Zig:21   | Noticed a juggernaut
114497 | Zig:21   | Killed a juggernaut
114499 | Zig:21   | Killed a juggernaut
114503 | Zig:21   | Killed a juggernaut
114513 | Zig:21   | Killed a juggernaut
114664 | Zig:21   | Got a clouded tin ring
114678 | Zig:21   | Got a heavily runed jade amulet
114698 | Zig:21   | Identified the ring "Omeos" {AC+4 Dex+4} (You found it on
                  | level 21 of a ziggurat)
114699 | Zig:21   | Identified the amulet of the Circus Animal {Regen+ Stlth+}
                  | (You found it on level 21 of a ziggurat)
114721 | Zig:21   | Identified the cursed -3 cloak of Batsolyg {*Drain rElec
                  | Dex+9} (You found it on level 21 of a ziggurat)
114724 | Zig:22   | Entered Level 22 of a ziggurat
114940 | Zig:22   | Identified the Volume of Ghastly Poisoning
114976 | Zig:22   | Acquired 790 gold pieces
115011 | Zig:23   | Entered Level 23 of a ziggurat
115025 | Zig:23   | Noticed Rayghiff the pandemonium lord
115025 | Zig:23   | Noticed Obikheps the pandemonium lord
115034 | Zig:23   | Noticed Zenokk the pandemonium lord
115035 | Zig:23   | Killed Rayghiff the pandemonium lord
115035 | Zig:23   | Noticed Punwut the pandemonium lord
115038 | Zig:23   | Noticed Osmiogoj the pandemonium lord
115038 | Zig:23   | Noticed a Killer Klown
115039 | Zig:23   | Noticed Wimn the pandemonium lord
115039 | Zig:23   | Noticed Sastuu the pandemonium lord
115039 | Zig:23   | Noticed Vagycuut the pandemonium lord
115039 | Zig:23   | Noticed Feitasucia the pandemonium lord
115042 | Zig:23   | Noticed Unailis the pandemonium lord
115043 | Zig:23   | Killed Zenokk the pandemonium lord
115043 | Zig:23   | Noticed a Killer Klown
115043 | Zig:23   | Noticed a Killer Klown
115045 | Zig:23   | Noticed Oleonig the pandemonium lord
115046 | Zig:23   | Noticed a Killer Klown
115047 | Zig:23   | Killed Punwut the pandemonium lord
115047 | Zig:23   | Noticed Captodur the pandemonium lord
115048 | Zig:23   | Killed a Killer Klown
115048 | Zig:23   | Noticed a Killer Klown
115048 | Zig:23   | Noticed Alanupui the pandemonium lord
115049 | Zig:23   | Noticed a Killer Klown
115051 | Zig:23   | Killed a Killer Klown
115051 | Zig:23   | Noticed a Killer Klown
115052 | Zig:23   | Killed Obikheps the pandemonium lord
115052 | Zig:23   | Cast into level 5 of the Abyss (Feitasucia)
115052 | Abyss:5  | Entered Level 5 of the Abyss
115238 | Abyss:5  | Found a runed translucent door.
115247 | Zig:23   | Escaped the Abyss
115251 | Zig:23   | Killed Unailis the pandemonium lord
115251 | Zig:23   | Killed a Killer Klown
115251 | Zig:23   | Killed a Killer Klown
115252 | Zig:23   | HP: 11/367 [Feitasucia the pandemonium lord (18)]
115252 | Zig:23   | The Shining One protects you from harm!
115253 | Zig:23   | Slain by Feitasucia the pandemonium lord

Illustrated notes

Levels and vault maps discovered:
D:1:      minmay_arrival_nine_rooms, layout_loops_ring
D:2:      layout_rooms, serial_forest, infiniplex_forest_diagonal,
          infiniplex_forest_lined_4_way, infiniplex_forest_straight_3,
          infiniplex_forest_lined_ring, infiniplex_forest_end_3,
          infiniplex_forest_end_2, infiniplex_forest_zigzag_2,
          infiniplex_forest_straight_5, minmay_misc_feat_chi
D:3:      layout_basic
D:4:      layout_basic, minmay_shop_damaged, kennysheep_generic_room_7
D:5:      kennysheep_spiral_hall, layout_rooms, cheibrodos_sewer_entry_bend
D:6:      layout_layer_cave, bloody_trog, temple_hall
D:7:      layout_loops_corners
D:8:      layout_loops_ring
D:9:      layout_cave_pools, due_lair_maze_entry_diamond, serial_shops, shop,
          kb_lookout_dungeons_type
D:10:     layout_basic, serial_shops, nicolae_shop_crystal
D:11:     layout_rooms, zombieorc2_lemuel, minmay_misc_feat_ornament,
          st_stairs_8, hangedman_fish_farm
D:12:     layout_stronghold
D:13:     layout_big_octagon, david_vaults_2
D:14:     layout_basic, nicolae_water_bricks
D:15:     hangedman_depths_entry_civil_slaughter, layout_loops_ring,
          basic_altar, uniq_jorgrun, uniq_roxanne
Temple:   nicolae_temple_the_god_donut
Lair:1:   layout_loops_ring, uniq_gastronok
Lair:2:   dpeg_oklob_gauntlet, layout_concentric_octagons, guppyfry_lair_drakes
Lair:3:   layout_misc_corridors, skrybe_swamp_entry_bodies,
          eino_house_with_fridge, grunt_megastairs_2
Lair:4:   layout_roguey, guppyfry_snake_entry_island, grunt_megastairs_4
Lair:5:   layout_cave_pods, slime_altar_2, nicolae_volcano_entry_lava_flow,
          serial_bayou_crossing, infiniplex_staircase_pool_2, uniq_nessos
Lair:6:   hangedman_lair_tendril_chambers, layout_regular_city,
          lemuel_centaur_altar, minmay_lair_oklob_chamber, lemuel_fruit_tree
Swamp:1:  layout_falls_marsh, serial_swamp_ruin, evilmike_swamp_ruin_house_2,
          evilmike_swamp_ruin_house_5, evilmike_swamp_ruin_house_3
Swamp:2:  layout_basic_swamp, evilmike_swamp_ruin_house_4
Swamp:3:  layout_basic_swamp, gammafunk_ghost_berserking_beasts,
          evilmike_swamp_ruin_house_1
Swamp:4:  swamp_basic_johnstein, layout_basic_swamp
Snake:1:  gammafunk_the_bubble [the_bubble_gammafunk_plus_minus], layout_rooms
Snake:2:  nicolae_snake_nest, layout_misc_corridors, grunt_megastairs_3,
          serial_bayou_shore_a
Snake:3:  layout_misc_corridors, serial_shops, shop, minmay_shoptagon
Snake:4:  grunt_snake_rune_pools, layout_cave_town, serial_shops,
          nicolae_shop_waterfront, nicolae_snake_linked_coils, abandoned_shop,
          minmay_shop_grove
Slime:1:  layout_caves
Slime:2:  layout_caves
Slime:3:  layout_caves
Slime:4:  layout_caves
Slime:5
Orc:1:    layout_caves, serial_shops, nicolae_shop_stone
Orc:2:    grunt_orc_gardens, layout_caves, grunt_orc_garden, grunt_orc_garden,
          grunt_orc_garden, grunt_orc_garden, chequers_guarded_unrand_ignorance
Elf:1:    eino_elf_arrival_sip, layout_geoelf_octagon, minmay_elf_annihilation,
          hangedman_elf_represent
Elf:2:    layout_geoelf_octagon, minivault_25_ag, minivault_15,
          amethyst_killhole, lemuel_elevator
Elf:3:    minmay_elf_hall_not_hex, layout_geoelf_octagon, serial_shops, shop,
          ebering_ghost_xom, kb_rosetta
Vaults:1: nicolae_vaults_specimen_jars, nicolae_vaults_stairing_the_circle,
          ontoclasm_vaults_misaligned, ontoclasm_vaults_loading_screen,
          nicolae_vaults_rhombus_6, v_misc_8, ontoclasm_vaults_tryst,
          ontoclasm_vaults_decontamination, ontoclasm_vaults_shuriken,
          layout_vaults_omnicross, serial_shops, nicolae_shop_behind_doors
Vaults:2: hangedman_vaults_cutoff, nicolae_vaults_halls_meeting,
          nicolae_vaults_circle_grid_a, hangedman_vaults_unwind,
          grunt_vaults_trifunnel, vaults_dpeg_ring,
          hangedman_vaults_corner_blocks, v_misc_32, hangedman_vaults_stagger,
          vaults_room_door_ring, v_misc_13, hangedman_vaults_maws,
          nicolae_vaults_little_squares_3, layout_vaults_omnibox
Vaults:3: vaults_standard_mumra_x, nicolae_vaults_three_branches, v_misc_13,
          v_misc_2, nicolae_vaults_shelves_hall, layout_vaults_omnigrid,
          serial_shops, shop
Vaults:4: nicolae_vaults_puzzle_piece, v_misc_18, hangedman_vaults_trim,
          nicolae_vaults_meeting, hangedman_vaults_stream,
          nicolae_vaults_little_squares_5, v_misc_2, v_pattern_3,
          vaults_mumra_chevron, nicolae_vaults_angled_halls,
          grunt_vaults_diagonal, vaults_dpeg_hooks,
          nicolae_vaults_diagonal_hallway_7, layout_vaults_maze
Vaults:5: serial_shops, uniq_bai_suzhen
Crypt:1:  layout_gridlike
Crypt:2:  hangedman_screamer, layout_chaotic_city, minmay_misc_feat_cross
Crypt:3:  david_glass_crypt, layout_misc_corridors,
          nicolae_tomb_entry_rubble_hallway, uniq_khufu
Tomb:1
Tomb:2
Tomb:3
Depths:1: layout_basic, hex_tiny, grunt_pan_entry_sceptre,
          hangedman_coc_ice_floe, minmay_room_of_horrors, minmay_misc_feat_five,
          kennysheep_cluttered_room, dk_noncrumbling_4, nicolae_two_hexagons,
          drop_trap, minmay_hollow_rounded_squares
Depths:2: minmay_the_grid_octo_tiled_squarecenter [minmay_the_grid_octo_clover,
          minmay_the_grid_octo_77, minmay_the_grid_octo_fan_narrow,
          minmay_the_grid_octo_teeth,
          minmay_the_grid_square_5x5_megaprize_checkered,
          minmay_the_grid_square_5x5_two_small,
          minmay_the_grid_square_5x5_spiral_small,
          minmay_the_grid_square_5x5_shrine1, minmay_the_grid_square_5x5_forky],
          layout_cave_pools, infiniplex_staircase_spiral,
          pf_hell_entry_tar_spiral, uniq_enchantress
Depths:3: minmay_eyes, layout_gridlike, grunt_hell_horde, ebering_ghost_gozag,
          tso_metal_star, grunt_pan_entry_in_and_out, minmay_staircase_statues
Depths:4: minmay_tri_box, layout_gridlike, abyss_entry, serial_sigils,
          serial_sigils_hangedman_gut, serial_sigils_hangedman_scar,
          serial_sigils_hangedman_quiver, serial_sigils_hangedman_gut,
          hell_entry
Depths:5: grunt_crosshair, layout_cave_shapes, enter_ziggurat_b,
          serial_sigils_hangedman_etch, hell_entry
Hell
Dis:1:    layout_subdivisions
Dis:2:    layout_jigsaw
Dis:3:    layout_regular_city
Dis:4:    layout_overlapping_boxes
Dis:5:    layout_subdivisions, hangedman_player_shredder
Dis:6:    layout_chaotic_city
Dis:7:    iron_city_of_dis [dis_old, dis_wall_5], layout_chaotic_city
Geh:1:    layout_gehenna_pools_triple
Geh:2:    layout_gehenna_lava_caves, lemuel_flamethrower_3
Geh:3:    layout_gehenna_lava_caves
Geh:4:    layout_gehenna_pools_basic
Geh:5:    layout_gehenna_lava_caves
Geh:6:    layout_gehenna_lava_caves, lemuel_old_faithful
Geh:7:    evilmike_geh
Coc:1:    layout_ice_bergs
Coc:2:    layout_cocytus_water_paths
Coc:3:    layout_ice_bergs, serial_ice, serial_ice_a
Coc:4:    layout_cocytus_water_paths
Coc:5:    layout_cocytus_water_paths
Coc:6:    layout_cocytus_delve, minmay_fire_ice_demons
Coc:7:    coc_old
Tar:1:    layout_catacombs
Tar:2:    layout_grid_maze
Tar:3:    layout_cathedral_of_symmetry
Tar:4:    layout_honeycomb, nicolae_tar_cuneiform_oil, door_vault
Tar:5:    layout_cathedral_of_symmetry
Tar:6:    layout_honeycomb
Tar:7:    tar_mu [tar_mu_maze]
Zig:23

Skill      XL: |  1  2  3  4  5  6  7  8  9 10 11 12 13 14 15 16 17 18 19 20 21 22 23 24 25 26 27 |
---------------+----------------------------------------------------------------------------------+-----
Shields        | 4 5 6 7 9 10 11 12 13 14 15 16 17 18 19 20 21 22 27 | 27.0
Axes           | 3 4 5 6 8 9 10 11 12 13 14 15 16 17 18 19 20 27 | 27.0
Fighting       | 4 5 6 7 8 9 10 11 12 13 14 15 17 18 19 20 21 22 27 | 27.0
Armour         | 4 5 6 7 8 9 10 11 12 13 14 15 16 17 18 19 20 27 | 27.0
Invocations    | 1 5 7 9 10 12 13 14 15 16 17 18 19 20 21 27 | 27.0
Dodging        | 24 | 24.5
Evocations     | 25 | 25.5
Throwing       | 23 | 23.8
Long Blades    | 5 |  5.0

Action                   |  1- 3 |  4- 6 |  7- 9 | 10-12 | 13-15 | 16-18 | 19-21 | 22-24 | 25-27 || total
-------------------------+-------+-------+-------+-------+-------+-------+-------+-------+-------++-------
Melee: War axe           |    72 |   221 |   391 |   737 |   214 |       |       |       |       ||  1635
       Battleaxe         |       |       |       |    74 |   884 |   771 |  1086 |  1069 |  1897 ||  5781
       Dire flail        |       |       |       |       |    73 |       |       |       |       ||    73
       Executioner's axe |       |       |       |       |       |       |       |       |  4998 ||  4998
Invok: Divine Shield     |       |       |       |     1 |       |       |       |       |     9 ||    10
       Summon Divine War |       |       |       |       |     8 |     3 |     7 |    10 |    82 ||   110
       Cleansing Flame   |       |       |       |       |     6 |     2 |    25 |    12 |   168 ||   213
       Brand Weapon With |       |       |       |       |       |       |       |       |     1 ||     1
 Abil: Shaft Self        |       |       |       |     1 |       |       |       |       |       ||     1
       Evoke Flight      |       |       |       |       |       |       |       |       |     1 ||     1
Evoke: Wand              |       |       |       |       |     2 |       |       |       |     2 ||     4
  Use: Potion            |       |     2 |       |     2 |     1 |     1 |       |       |    62 ||    68
       Scroll            |       |       |    13 |     6 |     9 |     9 |    12 |    11 |    74 ||   134
Armor: Scale mail        |    16 |       |       |       |       |       |       |       |       ||    16
       Plate armour      |    17 |   130 |   149 |   337 |   299 |       |       |       |       ||   932
       Gold dragon scale |       |       |       |       |   381 |   574 |   346 |   332 |  2353 ||  3986
       Skin              |       |       |       |       |       |       |       |       |   131 ||   131
Dodge: Dodged            |    17 |    49 |   116 |   186 |   259 |   213 |   145 |   105 |  1244 ||  2334
Block: Kite shield       |    31 |   140 |   182 |   507 |   856 |   643 |   253 |       |       ||  2612
       Tower shield      |       |       |       |       |       |       |   763 |   999 |  7824 ||  9586
       Reflection        |       |       |       |       |       |       |   117 |    85 |   221 ||   423

Table legend: (Time is in decaauts)
 A = Elapsed time spent in this place.
 B = Non-inter-level travel time spent in this place.
 C = Inter-level travel time spent in this place.
 D = Time resting spent in this place.
 E = Time spent auto-exploring this place.
 F = Levels seen in this place.
 G = Mean time per level.
                   A        B        C        D        E       F      G
               +--------+--------+--------+--------+--------+-----+--------+
         Total | 113832 | 105664 |   8168 |   6956 |  70748 | 137 |  830.9 |
       Dungeon |  23706 |  21701 |   2005 |   1194 |  16292 |  15 | 1580.4 |
        Temple |     54 |     54 |      0 |      0 |     19 |   1 |   54.0 |
          Lair |  10336 |   9081 |   1255 |    366 |   7120 |   6 | 1722.7 |
         Swamp |   7200 |   6528 |    672 |    144 |   5169 |   4 | 1800.0 |
     Snake Pit |   8877 |   8498 |    379 |    237 |   6640 |   4 | 2219.2 |
    Slime Pits |    674 |    649 |     25 |    171 |     73 |   5 |  134.8 |
  Orcish Mines |   3383 |   3122 |    261 |    557 |   1917 |   2 | 1691.5 |
   Elven Halls |   4294 |   4040 |    254 |    452 |   2474 |   3 | 1431.3 |
        Vaults |  10531 |   9535 |    996 |      0 |   7706 |   5 | 2106.2 |
         Crypt |   2490 |   2295 |    195 |      0 |   1634 |   3 |  830.0 |
          Tomb |   4139 |   3864 |    275 |    909 |   1848 |   3 | 1379.7 |
        Depths |  10371 |   9356 |   1015 |    409 |   6915 |   5 | 2074.2 |
          Hell |   1150 |   1045 |    105 |      0 |    691 |   1 | 1150.0 |
           Dis |   2802 |   2737 |     65 |      0 |   1675 |   7 |  400.3 |
       Gehenna |   2219 |   2172 |     47 |    352 |    408 |   7 |  317.0 |
       Cocytus |   3128 |   2769 |    359 |    248 |    704 |   7 |  446.9 |
      Tartarus |   3050 |   2793 |    257 |     79 |   1596 |   7 |  435.7 |
         Abyss |   4499 |   4499 |      0 |   1187 |   1938 |  14 |  321.4 |
   Pandemonium |   5488 |   5488 |      0 |    197 |   2749 |  14 |  392.0 |
      Ziggurat |   4462 |   4462 |      0 |    140 |   2823 |  23 |  194.0 |
       Volcano |    968 |    968 |      0 |    314 |    355 |   1 |  968.0 |
               +--------+--------+--------+--------+--------+-----+--------+

Top non-repeatable levels by time:
Vaults:4: 4128 daAuts
 Abyss:1: 3599 daAuts
    D:12: 3529 daAuts
 Snake:4: 3147 daAuts
     D:8: 3053 daAuts
Depths:1: 2729 daAuts
  Lair:6: 2574 daAuts
Depths:3: 2566 daAuts
  Tomb:1: 2495 daAuts
 Swamp:3: 2456 daAuts
     D:7: 2265 daAuts
 Snake:3: 2168 daAuts
 Swamp:2: 2142 daAuts
   Orc:2: 2122 daAuts
 Snake:1: 1998 daAuts
